 Dungeon Crawl Stone Soup version 0.30-a0-900-g23479c02f2 (webtiles) character file.

Game seed: 2075743640905776727

1292816 holysushi the Octopoid Blade (level 27, -2/242 HPs)
             Began as an Octopode Monk on Mar 17, 2023.
             Was an Initiate of Gozag.
             Slain by a daeva
             ... wielding a +2 eudemon blade of holy wrath
              (7 damage)
             ... on level 26 of a ziggurat on Mar 18, 2023.
             The game lasted 04:03:52 (145111 turns).

holysushi the Octopoid Blade (Octopode Monk)      Turns: 145111, Time: 04:03:53

Health: -2/242     AC:  3    Str: 16      XL:     27
Magic:  0/62       EV: 69    Int: 33 (34) God:    Gozag
Gold:   7152       SH:  8    Dex: 56      Spells: 38/78 levels left

rFire   + . .      SeeInvis +    a - +9 triple sword (heavy)
rCold   + . .      Faith    .    (shield currently unavailable)
rNeg    + + +      Spirit   +    Y - +2 hat of Claustrophobia {Will+ Int+3 Dex+5}
rPois   +          Reflect  .    X - brooch of Shielding {Spirit SH+8}
rElec   +          Rampage  .    x - ring "Jaum Daxt" {rPois Will+ Str+4 Dex+3 Slay+4}
rCorr   +          Rage     3%   O - ring of Eczear {rN+ Will+ rCorr Slay+2 Stlth-}
Will    +++++                    P - ring "Coma" {rC+ MP+9 Str+3 Int+2}
Stlth   ++++                     A - ring "Cixzoer" {rPois Will+ Str-4 Int+5 Dex+6}
HPRegen 0.60/turn                B - ring "Nuenut" {Int+6 Dex+4 SInv}
MPRegen 0.38/turn                f - +6 ring of dexterity
                                 K - ring "Vomyc" {rN++ Dex+6}
                                 k - ring of Hiehiod {rElec rC- Will+ Int+6 Slay+4}

@: mighty, brilliant, resistant, gold aura, on berserk cooldown, slowed,
glowing, studying 8 skills, very slow
A: almost no armour, amphibious, 8 rings, camouflage 1, gelatinous body 1,
(nimble swimmer 1), tentacles, see invisible, berserk 1, deterioration 1, robust
1, screaming 1
}: 13/15 runes: serpentine, barnacled, slimy, silver, golden, iron, bone,
abyssal, demonic, glowing, magical, fiery, dark
a: Renounce Religion, Potion Petition, Call Merchant, Bribe Branch


You were on level 26 of a ziggurat.
You worshipped Gozag.
Gozag was greatly pleased with you.
You visited 16 branches of the dungeon, and saw 73 of its levels.
You visited Pandemonium 1 time, and saw 18 of its levels.
You visited the Abyss 6 times.
You visited 1 ziggurat, and saw 26 of its levels.
You also visited: Ossuary, Bailey and Gauntlet.

You collected 62470 gold pieces.
You spent 8238 gold pieces at shops.
You paid 47080 gold pieces to Gozag.

Inventory:

Hand Weapons
 a - a +9 heavy triple sword (weapon)
 b - a +9 heavy triple crossbow
 c - the +9 sword of Power {lifebolt}
   (You found it on level 6 of a ziggurat)
 g - the +7 sceptre of Torment {pain, torment}
   (You found it on level 7 of the Iron City of Dis)
 l - the +0 staff of Battle
   (You found it on level 19 of a ziggurat)

   It enhances your conjuration magic.
   It summons a battlesphere in combat, with strength depending on Conjurations
   skill.
   Its strikes trigger the battlesphere's blasts.
 p - the +2 Maxwell's thermic engine {flame, freeze, rev}
   (You found it on level 19 of a ziggurat)
 D - the +8 Vampire's Tooth {megavamp}
   (You found it on level 13 of a ziggurat)
 W - the +7 Spriggan's Knife {stab, EV+4 Stlth+}
   (You found it on level 20 of a ziggurat)

   Stab:      It is more effective when stabbing unaware enemies, sometimes
   treating them as though they were completely helpless.
   EV:        It affects your evasion (+4).
   Stlth:     It makes you more stealthy.
Armour
 Y - the +2 hat of Claustrophobia (worn) {Will+ Int+3 Dex+5}
   (You acquired it on level 5 of the Lair of Beasts)

   Int:       It affects your intelligence (+3).
   Dex:       It affects your dexterity (+5).
   Will:      It increases your willpower.
Jewellery
 f - a +6 ring of dexterity (on tentacle)
 i - the ring of Ceakoam {Slay+3 SInv}
   (You bought it in a shop on level 1 of the Vaults)

   [ring of see invisible]

   Slay:      It affects your accuracy & damage with ranged weapons and melee
   (+3).
   SInv:      It lets you see invisible.
 k - the ring of Hiehiod (on tentacle) {rElec rC- Will+ Int+6 Slay+4}
   (You took it off a deep elf demonologist on level 3 of the Elven Halls)

   [ring of slaying]

   Int:       It affects your intelligence (+6).
   Slay:      It affects your accuracy & damage with ranged weapons and melee
   (+4).
   rC:        It makes you vulnerable to cold.
   rElec:     It insulates you from electricity.
   Will:      It increases your willpower.
 x - the ring "Jaum Daxt" (left tentacle) {rPois Will+ Str+4 Dex+3 Slay+4}
   (You took it off a deep elf archer on level 5 of the Vaults)

   [ring of slaying]

   Str:       It affects your strength (+4).
   Dex:       It affects your dexterity (+3).
   Slay:      It affects your accuracy & damage with ranged weapons and melee
   (+4).
   rPois:     It protects you from poison.
   Will:      It increases your willpower.
 z - the ring "Ocyodiun" {Wiz rN+ Str+4}
   (You found it on level 11 of a ziggurat)

   [ring of wizardry]

   It improves your spell success rate.
   Str:       It affects your strength (+4).
   rN:        It protects you from negative energy.
 A - the ring "Cixzoer" (on tentacle) {rPois Will+ Str-4 Int+5 Dex+6}
   (You found it on level 23 of a ziggurat)

   [ring of dexterity]

   Str:       It affects your strength (-4).
   Int:       It affects your intelligence (+5).
   Dex:       It affects your dexterity (+6).
   rPois:     It protects you from poison.
   Will:      It increases your willpower.
 B - the ring "Nuenut" (on tentacle) {Int+6 Dex+4 SInv}
   (You found it on level 20 of a ziggurat)

   [ring of intelligence]

   Int:       It affects your intelligence (+6).
   Dex:       It affects your dexterity (+4).
   SInv:      It lets you see invisible.
 H - the ring of Wusha {rElec rF+ SInv}
   (You found it in Pandemonium)

   [ring of protection from fire]

   rF:        It protects you from fire.
   rElec:     It insulates you from electricity.
   SInv:      It lets you see invisible.
 K - the ring "Vomyc" (on tentacle) {rN++ Dex+6}
   (You found it on level 14 of a ziggurat)

   [ring of dexterity]

   Dex:       It affects your dexterity (+6).
   rN:        It greatly protects you from negative energy.
 O - the ring of Eczear (right tentacle) {rN+ Will+ rCorr Slay+2 Stlth-}
   (You took it off a deep elf sorcerer on level 3 of the Elven Halls)

   [ring of willpower]

   Slay:      It affects your accuracy & damage with ranged weapons and melee
   (+2).
   rN:        It protects you from negative energy.
   rCorr:     It protects you from acid and corrosion.
   Will:      It increases your willpower.
   Stlth:     It makes you less stealthy.
 P - the ring "Coma" (on tentacle) {rC+ MP+9 Str+3 Int+2}
   (You took it off a naga ritualist on level 3 of the Snake Pit)

   [ring of magical power]

   Str:       It affects your strength (+3).
   Int:       It affects your intelligence (+2).
   rC:        It protects you from cold.
   MP:        It affects your magic capacity (+9).
 R - the ring of the Mage {Wiz Archmagi}
   (You found it on level 11 of a ziggurat)

   [ring of wizardry]

   It improves your spell success rate.
   Archmagi:  It increases the power of your magical spells.
 X - the brooch of Shielding (around mantle) {Spirit SH+8}
   (You bought it in a shop on level 2 of the Orcish Mines)

   [amulet of guardian spirit]

   It causes incoming damage to be divided between your reserves of health and
   magic.
   SH:        It affects your SH (+8).
Wands
 m - a wand of digging (35)
 v - a wand of quicksilver (49)
 E - a wand of iceblast (49)
Scrolls
 n - 3 scrolls of blinking
 o - 17 scrolls of magic mapping
 r - 20 scrolls of immolation
 u - 30 scrolls of fog
 F - 3 scrolls of silence
 L - 3 scrolls of summoning
 M - 6 scrolls of amnesia
 S - 13 scrolls of fear
 U - 25 scrolls of teleportation
Potions
 d - 12 potions of cancellation
 h - 12 potions of flight
 j - 36 potions of curing
 q - 15 potions of brilliance
 s - 4 potions of ambrosia
 t - 9 potions of magic
 w - 3 potions of experience
 y - 5 potions of resistance
 C - 7 potions of haste
 J - 12 potions of heal wounds
 N - 4 potions of berserk rage
 V - 2 potions of invisibility
 Z - 18 potions of mutation
Miscellaneous
 e - the horn of Geryon
 G - a figurine of a ziggurat
 I - a box of beasts (inert)
 Q - a phantom mirror
 T - a condenser vane


   Skills:
 - Level 26.0 Fighting
 + Level 26.1 Long Blades
 - Level 26.0 Ranged Weapons
 - Level 25.6 Dodging
 - Level 22.0 Stealth
 - Level 26.0 Spellcasting
 - Level 20.0 Necromancy
 - Level 17.6 Translocations
 - Level 20.0 Transmutations
 - Level 20.0 Fire Magic
 - Level 24.0 Ice Magic
 - Level 9.0 Evocations


You had 38 spell levels left.
You knew the following spells:

 Your Spells              Type           Power      Damage    Failure   Level
a - Apportation           Tloc           100%       N/A       0%          1
b - Manifold Assault      Tloc           100%       N/A       0%          4
c - Necromutation         Tmut/Necr      66%        N/A       1%          8
d - Portal Projectile     Hex/Tloc       100%       N/A       1%          3
e - Ozocubu's Refrigerat  Ice            70%        4d23      1%          7
f - Ignition              Fire           66%        3d18      1%          8
g - Polar Vortex          Ice            70%        N/A       3%          9

Your spell library contained the following spells:

 Spells                   Type           Power      Damage    Failure   Level
 Beastly Appendage        Tmut           100%       N/A       0%          1
 Foxfire                  Conj/Fire      100%       2x1d9     0%          1
 Kiss of Death            Conj/Necr      100%       2d13      0%          1
 Necrotise                Necr           100%       1d9       0%          1
 Blink                    Tloc           100%       N/A       0%          2
 Ensorcelled Hibernation  Hex/Ice        100%       N/A       0%          2
 Lesser Beckoning         Tloc           100%       N/A       0%          2
 Passwall                 Tmut/Erth      86%        N/A       0%          2
 Scorch                   Fire           100%       2d10      0%          2
 Sublimation of Blood     Necr           100%       N/A       0%          2
 Wereblood                Tmut           100%       N/A       0%          2
 Frozen Ramparts          Ice            100%       1d16      0%          3
 Gell's Gravitas          Tloc           100%       N/A       0%          3
 Hailstorm                Conj/Ice       100%       3d20      0%          3
 Ignite Poison            Fire/Tmut/Pois 100%       N/A       0%          3
 Kindle Blastsparks       Fire/Tloc/Air  100%       2d18      0%          3
 Teleport Other           Tloc           100%       N/A       0%          3
 Vampiric Draining        Necr           100%       2d13      0%          3
 Dispel Undead            Necr           100%       3d31      0%          4
 Ice Form                 Ice/Tmut       100%       N/A       0%          4
 Passage of Golubria      Tloc           100%       N/A       0%          4
 Agony                    Necr           100%       N/A       0%          5
 Blade Hands              Tmut           66%        N/A       0%          5
 Magic Dart               Conj           100%       1d8       1%          1
 Shock                    Conj/Air       100%       1d9       1%          1
 Slow                     Hex            100%       N/A       1%          1
 Summon Small Mammal      Summ           100%       N/A       1%          1
 Call Imp                 Summ           59%        N/A       1%          2
 Cigotuvi's Dreadful Rot  Necr/Pois/Air  100%       N/A       1%          2
 Momentum Strike          Conj/Tloc      100%       3d10      1%          2
 Searing Ray              Conj           100%       2d8       1%          2
 Static Discharge         Conj/Air       100%       2-7/arc   1%          2
 Call Canine Familiar     Summ           59%        N/A       1%          3
 Confusing Touch          Hex            59%        N/A       1%          3
 Dazzling Flash           Conj/Hex       100%       N/A       1%          3
 Inner Flame              Hex/Fire       100%       N/A       1%          3
 Mephitic Cloud           Conj/Pois/Air  59%        N/A       1%          3
 Spider Form              Tmut/Pois      100%       N/A       1%          3
 Stone Arrow              Conj/Erth      100%       3d13      1%          3
 Summon Guardian Golem    Hex/Summ       59%        N/A       1%          3
 Swiftness                Air            59%        N/A       1%          3
 Tukima's Dance           Hex            59%        N/A       1%          3
 Vhi's Electric Charge    Tloc/Air       100%       N/A       1%          3
 Anguish                  Hex/Necr       52%        N/A       1%          4
 Flame Wave               Conj/Fire      100%       2d21      1%          4
 Iskenderun's Mystic Bla  Conj/Tloc      100%       2d19      1%          4
 Sticky Flame             Conj/Fire      100%       2d11      1%          4
 Summon Ice Beast         Ice/Summ       100%       N/A       1%          4
 Alistair's Intoxication  Tmut/Pois      69%        N/A       1%          5
 Borgnjor's Vile Clutch   Necr/Erth      52%        N/A       1%          5
 Fireball                 Conj/Fire      52%        3d20      1%          5
 Freezing Cloud           Conj/Ice/Air   48%        6-21      1%          5
 Irradiate                Conj/Tmut      52%        3d29      1%          5
 Summon Forest            Summ/Tloc      50%        N/A       1%          5
 Death Channel            Necr           66%        N/A       1%          6
 Dispersal                Tloc           63%        N/A       1%          6
 Eringya's Noxious Bog    Tmut/Pois      52%        N/A       1%          6
 Starburst                Conj/Fire      52%        6d14      1%          6
 Statue Form              Tmut/Erth      69%        N/A       1%          6
 Dragon Form              Tmut           66%        N/A       1%          7
 Borgnjor's Revivificati  Necr           66%        N/A       1%          8
 Infestation              Necr           66%        N/A       1%          8
 Disjunction              Tloc           63%        N/A       2%          8
 Airstrike                Air            29%        2d(5-21)  5%          4
 Cause Fear               Hex            29%        N/A       5%          4
 Fulminant Prism          Conj/Hex       29%        3d14      5%          4
 Leda's Liquefaction      Hex/Erth       29%        N/A       5%          4
 Olgreb's Toxic Radiance  Pois           59%        N/A       5%          4
 Summon Lightning Spire   Summ/Air       59%        N/A       5%          4
 Haunt                    Necr/Summ      52%        N/A       8%          7
 Storm Form               Tmut/Air       52%        N/A       8%          7
 Malign Gateway           Summ/Tloc      50%        N/A       13%         7
 Arcjolt                  Conj/Air       29%        1d39      16%         5
 Iskenderun's Battlesphe  Conj           59%        2d11      16%         5
 Lee's Rapid Deconstruct  Erth           29%        3d15*     16%         5
 Lightning Bolt           Conj/Air       29%        1d46      16%         5
 Silence                  Hex/Air        29%        N/A       16%         5
 Summon Mana Viper        Hex/Summ       59%        N/A       16%         5
 Death's Door             Necr           66%        N/A       16%         9
 Conjure Ball Lightning   Conj/Air       29%        3x3d8     63%         6
 Iron Shot                Conj/Erth      29%        9d6       63%         6
 Summon Cactus Giant      Summ           29%        N/A       63%         6
 Enfeeble                 Hex            29%        N/A       99%         7
 Orb of Destruction       Conj           29%        9d9       99%         7
 Spellforged Servitor     Conj/Summ      29%        N/A       99%         7
 Summon Hydra             Summ           29%        N/A       99%         7
 Discord                  Hex            29%        N/A       100%        8
 Lehudib's Crystal Spear  Conj/Erth      29%        10d8      100%        8
 Maxwell's Capacitive Co  Air            29%        ∞         100%        8
 Summon Horrible Things   Summ           29%        N/A       100%        8
 Chain Lightning          Conj/Air       29%        3d39      100%        9
 Fire Storm               Conj/Fire      52%        8d13      100%        9
 Shatter                  Erth           29%        3d24*     100%        9
 Animate Dead             Necr           Unusable   N/A       N/A         4
 Simulacrum               Ice/Necr       Unusable   N/A       N/A         6
 Animate Armour           Summ/Erth      Unusable   N/A       N/A         4

Dungeon Overview and Level Annotations

Branches:
Dungeon (15/15) Zot: 22256  Temple (1/1) D:5 Zot: 5998    Lair (5/5) D:10 Zot: 16262
 Shoals (4/4) Lair:2 Zot: 15844   Snake (4/4) Lair:3 Zot: 14022   Slime (5/5) Lair:4 Zot: 23087
    Orc (2/2) D:10 Zot: 8990     Elf (3/3) Orc:2 Zot: 7697  Vaults (5/5) D:13 Zot: 18716
  Crypt (3/3) Vaults:3 Zot: 13415    Tomb (3/3) Crypt:3 Zot: 12748  Depths (4/4) D:15 Zot: 12611
   Hell (visited)             Dis (7/7) Hell Zot: 23733     Geh (0/7) Hell
    Coc (0/7) Hell            Tar (7/7) Hell Zot: 23733     Zot (5/5) Depths:4 Zot: 23403
Ossuary (visited)          Bailey (visited)         Gauntlet (visited)

Altars:
Ashenzari
Cheibriados
Dithmenos
Elyvilon
Fedhas
Gozag
Hepliaklqana
Kikubaaqudgha
Makhleb
Nemelex Xobeh
Okawaru
Qazlal
Ru
Sif Muna
Trog
Uskayaw
Vehumet
Wu Jian
Xom
Yredelemnul
Zin
The Shining One
Jiyva

Shops:
D:3 (   D:10 (   D:13 *   Orc:1 (   Orc:2 !!*=   Elf:2 (   Lair:3 ((   Lair:4 (
Lair:5 ?   Shoals:3 :   Snake:1 (!?   Snake:2 ?=[   Vaults:1 =*:   Vaults:3 [
Vaults:4 ?[*[   Depths:1 :*:   Depths:2 :[=   Depths:3 !*

Portals:
Hell: Depths:1 Depths:2 Depths:3 Depths:4
Abyss: Depths:1 Depths:3 Depths:4
Pandemonium: Depths:2
Trove: D:15 (give 6 scrolls of fear)

Annotations:
Lair:2 exclusion: downstairs
Lair:3 exclusion: downstairs
Snake:1 3 runed translucent doors, Meok's ghost, adept MiFi
Snake:3 2 transporters
Orc:2 3 runed translucent doors, patfeehan111222's ghost, journeyman MiBe
Elf:2 3 runed translucent doors
Elf:3 exclusion: deep elf sorcerer


Innate Abilities, Weirdness & Mutations

You cannot wear most types of armour.
You are amphibious.
You can wear up to eight rings at the same time.
Your skin changes colour to match your surroundings (Stealth+).
Your rubbery body absorbs attacks. (AC +1, EV +1)
((You are camouflaged when in or above water. (Stealth+)))
You have tentacles for arms and can constrict up to eight enemies at once.
You have supernaturally acute eyesight. (SInv)
You sometimes lose your temper in combat.
Your body sometimes deteriorates upon taking damage.
You are robust. (+10% HP)
You occasionally shout uncontrollably at your foes.


Message History

The daeva blocks your attack.
The cherub's ox head lows!
You squeeze the daeva!
The daeva is moderately wounded.
You constrict the daeva.
The cherub is no longer distracted by gold.
The daeva struggles to escape constriction.
The cherub sings praise to Elyvilon.
The ophan harnesses the cleansing power of fire!
The bolt of fire hits you! You resist.
* * * LOW HITPOINT WARNING * * *
The daeva calls down the wrath of the Shining One upon you.
The Shining One smites you!
* * * LOW HITPOINT WARNING * * *
The daeva calls down the wrath of the Shining One upon you.
The Shining One smites you!
* * * LOW HITPOINT WARNING * * *
The cherub shoots a sling bullet.
You block the sling bullet.
Really wriggle into that cloud of blessed fire? [Y]es or [N]o only, please.
Really wriggle into that cloud of blessed fire?
You release your grip on the daeva.
You are engulfed in blessed fire.
* * * LOW HITPOINT WARNING * * *
You are no longer berserk.
You are exhausted.
You feel yourself slow down.
The daeva calls down the wrath of the Shining One upon you.
The Shining One smites you!
* * * LOW HITPOINT WARNING * * *
The apis is distracted by your dazzling golden aura.
Items here: $ )) [[.
You feel much better.
You are engulfed in blessed fire.
* * * LOW HITPOINT WARNING * * *
Your body deteriorates!
You feel dopey.
You flicker back into view.
The cherub's lion-head roars!
The daeva completely misses you.
The daeva hits you with a +2 eudemon blade of holy wrath!
You die...
Your body crumbles into a pile of gold.

...................$.$..▓
..........A..........$..▓
............A.......$...▓
.........#.#.#.........▓▓
..............AAAY$....▓
.#.#.#AAYA.$..▓
.....Y§$A$Y..▓▓
.#.#.#AAG$§§▓▓
......§Y@A§§▓
..........▓▓▓ .........▓▓
.......▓▓▓ .....▓▓ ...▓▓
▓▓▓


You could see 5 apis, 4 daevas, an angel (strong), an ophan (strong) and 7
cherubim.

Vanquished Creatures
  Cerebov (Pan)
  The ghost of Vuopse the Conqueror, a legendary GnIE of Ashenzari (Zig:21)
  26 pandemonium lords
  Ereshkigal (Tar:7)
  Gloorx Vloq (Pan)
  The ghost of NinjaNoafa the Sorcerer, a legendary DrCj of Vehumet (Zig:21)
  the Royal Jelly (Slime:5)
  Mnoleg (Pan)
  A seraph (Pan)
  Lom Lobon (Pan)
  the Serpent of Hell (Dis:7)
  9 dread liches
  8 ancient liches
  Dispater (Dis:7)
  3 orbs of fire (Zot:5)
  Mennas (Pan)
  5 juggernauts
  The ghost of Hillam the Grand Master, a legendary DsTm of Cheibriados (Zig:21)
  47 royal mummies
  The ghost of Talannal the Sharpshooter, a legendary GnHW of Cheibriados (Zig:21)
  The ghost of TuffENuff the Formicid Mishap, a legendary FoFi of Qazlal (Zig:21)
  The ghost of holysushi the Cryomancer, a master OpIE of Gozag (Zig:21)
  The ghost of AverageBear the Imperceptible, a legendary OpFi of Cheibriados (Zig:21)
  The ghost of jasper the Axe Maniac, a veteran MiBe of Trog (Zig:21)
  Boris (Vaults:5)
  Vv (Zot:1)
  Saint Roka (Vaults:1)
  Vashnia (Snake:4)
  A curse toe (Zig:21)
  2 shard shrikes (Zig:13)
  14 Killer Klowns
  25 caustic shrikes
  Xtahua (Vaults:3)
  21 golden dragons
  Geryon (Hell)
  20 bone dragons
  the Enchantress (Depths:4)
  14 pearl dragons
  Jory (Vaults:2)
  19 profane servitors
  6 Brimstone Fiends
  A shard shrike zombie (Abyss:3)
  8 electric golems
  34 Tzitzimimeh
  5 hellephants
  4 doom hounds
  12 iron giants
  29 Hell Sentinels
  20 tentacled monstrosities
  8 liches
  11 titans
  25 Orb Guardians (Zot:5)
  12 Ice Fiends
  28 tainted leviathans
  4 deep elf blademasters
  3 deep elf master archers (Zig:16)
  8 death cobs
  7 quicksilver dragons
  29 Executioners
  18 acid blobs
  A kraken (Shoals:2)
  A searing wretch (Zig:4)
  Gastronok (D:9)
  34 ancient champions
  6 tengu reavers
  Agnes (D:14)
  15 tentacled starspawn
  16 sphinxes
  A shadow dragon (shapeshifter) (Zig:25)
  Polyphemus (Shoals:2)
  8 azure jellies
  18 shadow dragons
  8 revenants
  Ilsuiw (Shoals:2)
  An azure jelly (shapeshifter) (Zig:25)
  A fenstrider witch (shapeshifter) (Zig:25)
  47 storm dragons
  23 daevas
  9 demonspawn warmongers (Pan)
  10 rockslimes
  3 narguns (Zig:13)
  6 nagarajas
  A frost giant (shapeshifter) (Zig:25)
  2 draconian knights
  7 draconian monks
  8 frost giants
  11 fire giants
  21 vault wardens
  7 draconian scorchers
  24 quicksilver elementals
  16 iron dragons
  8 deep elf sorcerers
  2 spectral juggernauts
  4 ghost moths
  35 balrugs
  6 spectral caustic shrikes
  4 ghouls (Crypt:1)
  21 cacodemons
  3 orc warlords
  3 curse skulls
  2 caustic shrike zombies
  12 draconian shifters
  5 deep elf elementalists (Elf:3)
  31 angels
  4 draconian stormcallers
  5 spriggan defenders
  11 ironbound preservers
  8 quicksilver oozes
  16 reapers
  55 war gargoyles
  13 draconian annihilators
  27 ophanim
  10 demonspawn blood saints (Pan)
  27 very ugly things
  A caustic shrike skeleton (Crypt:3)
  20 demonspawn corrupters
  27 stone giants
  5 ironbound thunderhulks
  Nessos (D:15)
  10 black draconians
  13 vampire knights
  12 deep elf demonologists
  19 demonspawn black suns
  15 green draconians
  11 purple draconians
  17 white draconians
  23 putrid mouths
  30 apis
  20 bennus
  10 deep elf annihilators
  7 red draconians
  17 lorocyprocas
  4 spark wasps
  18 dire elephants
  4 wendigos (Zig:13)
  A spectral titan (Tar:3)
  3 minotaurs
  12 yellow draconians
  Snorg (D:14)
  23 blizzard demons
  11 green deaths
  15 eidola
  34 iron golems
  A merfolk javelineer (Zig:7)
  33 mummy priests
  3 crystal guardians
  10 jiangshi
  8 merfolk impalers
  An entropy weaver (shapeshifter) (Abyss:2)
  7 deep elf death magi
  A quicksilver dragon zombie (Crypt:1)
  A spectral kraken (Tar:7)
  3 quicksilver dragon skeletons
  10 deep elf high priests
  A spectral iron giant (Tar:3)
  Josephine (D:14)
  12 ettins
  6 spriggan zombies
  An entropy weaver (Zig:19)
  10 great orbs of eyes
  11 yaktaur captains
  8 rakshasas
  6 salamander tyrants
  A spectral shadow dragon (Tar:1)
  A hydra (shapeshifter) (Zig:25)
  14 hydras
  3 spectral spriggans
  3 fenstrider witch zombies
  12 spriggan air magi
  17 ice dragons
  6 ghost crabs (Zig:21)
  4 ogre magi
  14 fire dragons
  3 hell beasts
  2 merfolk avatars
  3 peacekeepers
  43 vault guards
  20 centaur warriors
  7 ironbound frosthearts
  4 catoblepae
  3 death knights
  4 anacondas
  2 merfolk aquamancers
  5 spriggan skeletons
  An alligator snapping turtle (Shoals:4)
  An anaconda (shapeshifter) (Zig:25)
  An alligator (Lair:4)
  26 dancing weapons
  6 two-headed ogres
  6 boulder beetles
  A fenstrider witch skeleton (Pan)
  13 satyrs
  19 vampire magi
  7 deep troll shamans
  116 death scarabs
  2 titan zombies
  17 naga warriors
  9 deep troll earth magi
  A tengu warrior (Depths:2)
  2 storm dragon zombies (Crypt:3)
  18 death yaks
  24 hell hogs
  21 thrashing horrors
  11 shock serpents
  11 naga sharpshooters
  2 spectral nagas
  10 spriggan berserkers
  4 orc high priests
  24 hell knights
  2 shock serpents (shapeshifter)
  44 soul eaters
  A spectral dire elephant (Tar:3)
  99 sun demons
  21 crystal echidnas
  9 deep elf knights
  12 shadow wraiths
  6 spriggans
  18 wretched stars (Abyss:3)
  A skyshark (Shoals:1)
  A death drake (shapeshifter) (Vaults:5)
  5 salamander mystics
  33 sixfirhies
  An iron troll (shapeshifter) (Zig:25)
  2 spatial maelstroms (Abyss:3)
  A spectral anaconda (Tar:1)
  14 iron trolls
  16 cherubim
  A sea snake (shapeshifter) (D:10)
  3 golden dragon zombies (Crypt:3)
  9 sea snakes
  2 storm dragon skeletons
  7 swamp dragons
  9 glowing orange brains
  15 shadow demons (Pan)
  18 skeletal warriors
  2 anaconda zombies
  30 deep trolls
  5 death drakes
  7 flayed ghosts
  A spark wasp zombie (Zig:9)
  3 shadow dragon zombies
  3 spectral iron dragons
  13 naga ritualists
  17 lindwurms
  2 bunyip skeletons (Pan)
  A spectral hydra (Tar:4)
  24 ironbound convokers
  A lindwurm (shapeshifter) (Vaults:3)
  A deep troll (shapeshifter) (Zig:19)
  20 deep elf archers
  13 necromancers
  2 spriggan simulacra
  19 phantasmal warriors
  2 fenstrider witch simulacra
  28 starcursed masses
  A tengu zombie (Zig:15)
  3 tengu skeletons
  2 golden dragon skeletons
  15 harpies
  31 deep elf pyromancers
  27 deep elf zephyrmancers
  8 mana vipers
  15 wizards
  3 anaconda skeletons
  9 orc sorcerers
  6 orc knights
  3 stone giant zombies
  An iron dragon zombie (Depths:4)
  A goliath frog zombie (Crypt:3)
  9 shining eyes
  7 cyclopes
  3 sphinx zombies
  28 ugly things
  A moth of wrath (shapeshifter) (Zig:25)
  3 will-o-the-wisps (Abyss:3)
  23 fauns
  A spectral centaur (Tar:1)
  15 manticores
  A cyclops (shapeshifter) (Zig:3)
  A sphinx skeleton (Crypt:2)
  An elephant (shapeshifter) (Zig:17)
  21 elephants
  11 salamanders
  2 stone giant skeletons
  9 worldbinders
  Maurice (D:9)
  10 merfolk sirens
  2 dire elephant zombies
  22 moths of wrath
  A water nymph (shapeshifter) (Zig:25)
  19 demonic crawlers
  7 rust devils
  77 smoke demons
  2 iron dragon skeletons
  7 water nymphs
  11 naga magi
  3 naga zombies
  15 vault sentinels
  6 molten gargoyles
  38 black mambas
  8 apocalypse crabs
  15 guardian serpents
  4 eyes of devastation
  5 cane toads
  Joseph (D:9)
  2 centaur skeletons
  A torpor snail (shapeshifter) (Zig:17)
  An unseen horror (shapeshifter) (Zig:19)
  A cane toad (shapeshifter) (D:13)
  2 kobold demonologists
  3 dire elephant skeletons
  17 hellions
  A storm dragon simulacrum (Tomb:3)
  11 spectral swamp worms (Tar:7)
  11 komodo dragons
  17 freezing wraiths
  3 alligator snapping turtle skeletons
  27 orange demons
  5 rime drakes
  3 unseen horrors
  37 yaktaurs
  5 ice devils
  A black draconian skeleton (Crypt:3)
  4 tengu conjurers
  8 efreet
  78 guardian mummies
  An unseen horror skeleton (Crypt:1)
  7 red devils
  A human skeleton (Vaults:3)
  A silent spectre (Tar:7)
  14 trolls
  3 polar bears (Lair:4)
  A polar bear (shapeshifter) (Zig:12)
  21 ancient zymes
  4 harpy zombies
  2 catoblepas skeletons (Crypt:1)
  A grey draconian skeleton (Crypt:3)
  15 tormentors
  A troll (shapeshifter) (D:13)
  8 spectral harpies
  A meliai (D:12)
  31 hellwings
  A wolf spider simulacrum (D:14)
  5 hornets
  A wind drake (shapeshifter) (Zig:12)
  10 wind drakes
  35 raiju
  25 merfolk
  2 mana viper skeletons
  A hydra skeleton (Crypt:1)
  9 snapping turtles
  A sphinx simulacrum (Zig:22)
  A fire dragon zombie (Crypt:1)
  3 harpy skeletons
  A stone giant simulacrum (Crypt:2)
  A spectral swamp dragon (Tar:1)
  A dream sheep (shapeshifter) (Zig:17)
  11 dream sheep
  7 blink frogs
  An ice dragon zombie (Crypt:1)
  A human simulacrum (Vaults:3)
  An ettin zombie (Crypt:3)
  An iron dragon simulacrum (Zig:13)
  99 slime creatures
  A black mamba zombie (Crypt:3)
  A guardian serpent skeleton (Crypt:1)
  A spectral black mamba (Tar:1)
  17 air elementals
  A jumping spider (shapeshifter) (Abyss:3)
  A fire dragon skeleton (Pan)
  15 wraiths
  2 shadows
  3 ettin skeletons
  39 flying skulls
  29 vampires
  51 ynoxinuls
  2 centaur simulacra
  62 yaks
  A culicivora (shapeshifter) (Zig:25)
  A dire elephant simulacrum (Crypt:1)
  14 water elementals
  8 wyverns
  23 ushabtiu
  5 basilisks
  8 golden eyes
  2 fire elementals
  5 redbacks
  11 vampire mosquitoes
  47 neqoxecs
  14 steam dragons
  A two-headed ogre zombie (Crypt:1)
  8 wargs
  28 chaos spawn
  85 large abominations
  A redback (shapeshifter) (Zig:25)
  A black mamba skeleton (Tomb:3)
  9 spatial vortices (Abyss:3)
  2 glowing shapeshifter zombies
  39 nagas
  A glowing shapeshifter skeleton (Zig:22)
  7 acid dragons
  A fire bat skeleton (Crypt:1)
  2 floating eyes
  16 hell hounds
  17 water moccasins
  7 swamp drakes (Zig:24)
  A faun skeleton (Crypt:1)
  A floating eye (shapeshifter) (Vaults:2)
  32 orc warriors
  4 black bears
  A black bear (shapeshifter) (D:14)
  12 wolves
  7 boggarts
  9 ogres
  A swamp dragon zombie (Crypt:1)
  10 centaurs
  A lindwurm skeleton (Crypt:1)
  A swamp dragon skeleton (Pan)
  3 phantoms
  11 kobold brigands
  15 bullfrogs
  A gnoll sergeant (D:7)
  7 scorpions
  4 necrophages (Crypt:1)
  28 small abominations
  6 earth elementals
  A naga simulacrum (Crypt:1)
  A yaktaur skeleton (Crypt:1)
  A warg zombie (Crypt:1)
  A wight (D:10)
  7 killer bees (D:10)
  A yak skeleton (Crypt:2)
  2 electric eels
  3 howler monkeys
  A troll skeleton (Crypt:2)
  5 crimson imps (Pan)
  A bullfrog zombie (Crypt:2)
  7 centaur zombies
  4 lava snakes (Lair:5)
  9 quasits
  35 orc priests
  3 hounds
  A human zombie (D:8)
  A bullfrog skeleton (Crypt:2)
  6 iron imps
  3 iguanas
  20 orc wizards
  6 hell rats (Hell)
  A sky beast zombie (Crypt:3)
  A hound zombie (Crypt:1)
  4 naga skeletons
  133 mummies
  8 adders
  4 gnolls (D:7)
  5 shadow imps
  10 white imps
  6 ufetubi
  A worm (D:3)
  A dart slug (D:1)
  69 orcs
  8 endoplasms
  4 giant cockroaches
  10 hobgoblins
  6 jackals
  6 quokkas
  A river rat zombie (Crypt:2)
  3 training dummies (Elf:2)
  11 ball pythons
  7 bats
  4 frilled lizards
  13 goblins
  A goblin zombie (Crypt:2)
  6 hobgoblin zombies (Ossuary)
  31 kobolds
  A kobold zombie (D:8)
  6 rats
  A ball lightning (Zig:25)
  2 butterflies (D:10)
  3 lurking horrors
  12 starspawn tentacles (Abyss:3)
  5 tentacles
5049 creatures vanquished.

Vanquished Creatures (collateral kills)
  An acid blob (Slime:2)
  An azure jelly (Slime:2)
  A quicksilver ooze (Slime:2)
  An orc high priest (Orc:1)
  An eye of devastation (Slime:2)
  An orc (Orc:1)
6 creatures vanquished.

Vanquished Creatures (others)
  2 pandemonium lords (Zig:25)
  A very ugly thing (Zig:25)
  An eleionoma (shapeshifter) (Zig:25)
  A deep elf death mage (Zig:21)
  A hell hog (Abyss:3)
  A deep elf knight (Elf:1)
  2 wizards (Pan)
  An ugly thing (Zig:25)
  A moth of wrath (shapeshifter) (Zig:25)
  2 apocalypse crabs (Zig:25)
  A rime drake (Zig:24)
  A queen bee (shapeshifter) (Zig:25)
  A raiju (Abyss:3)
  A ynoxinul (Pan)
  A boggart (D:14)
  2 orc wizards (Orc:2)
  2 orcs
  A ball lightning (Zig:25)
  9 foxfires (Abyss:3)
  57 fungi
  A lurking horror (Abyss:3)
  155 plants
  22 starspawn tentacles
  7 tentacles
274 creatures vanquished.

Grand Total: 5329 creatures vanquished

Notes
Turn   | Place    | Note
-------+----------+-------------------------------------------
     0 | D:1      | holysushi the Octopode Monk began the quest for the Orb.
     0 | D:1      | Reached XP level 1. HP: 16/16 MP: 1/1
    70 | D:1      | Reached XP level 2. HP: 19/21 MP: 2/2
   601 | D:1      | Reached XP level 3. HP: 26/26 MP: 3/3
  1453 | D:2      | Reached XP level 4. HP: 30/31 MP: 4/4
  1914 | D:3      | Reached skill level 5 in Long Blades
  2031 | D:3      | Found Elufy's Weapon Shoppe.
  2214 | D:3      | Found an ancient bone altar of Kikubaaqudgha.
  2222 | D:3      | Reached XP level 5. HP: 33/36 MP: 5/5
  2848 | D:4      | Noticed an ogre
  2973 | D:4      | Found a radiant altar of Vehumet.
  3080 | D:4      | Reached skill level 1 in Evocations
  3182 | D:4      | Reached XP level 6. HP: 40/42 MP: 6/6
  3374 | D:5      | Entered Level 5 of the Dungeon
  3383 | D:5      | Found a staircase to the Ecumenical Temple.
  3425 | Temple   | Entered the Ecumenical Temple
  3463 | D:5      | Reached skill level 5 in Stealth
  3509 | D:5      | Reached XP level 7. HP: 39/46 MP: 7/7
  3562 | D:5      | Reached skill level 5 in Dodging
  4285 | D:6      | Reached XP level 8. HP: 51/54 MP: 8/8
  4329 | D:6      | Found a hide-covered altar of Uskayaw.
  4432 | D:6      | Reached skill level 5 in Fighting
  5509 | D:8      | Found a snail-covered altar of Cheibriados.
  5509 | D:8      | Found a blossoming altar of Fedhas.
  5510 | D:8      | Found a broken altar of Ashenzari.
  5544 | D:8      | Found a basalt altar of Yredelemnul.
  5567 | D:8      | Found an iron altar of Okawaru.
  5568 | D:8      | Found a stormy altar of Qazlal.
  5569 | D:8      | Found a hazy altar of Hepliaklqana.
  5570 | D:8      | Found a sacrificial altar of Ru.
  5600 | D:8      | Found a sand-covered staircase.
  5617 | Ossuary  | Entered an ossuary
  6112 | D:8      | Reached XP level 9. HP: 52/62 MP: 9/9
  6563 | D:9      | Noticed a troll
  6575 | D:9      | Noticed Gastronok
  6639 | D:9      | Noticed a hornet
  6651 | D:9      | Killed a hornet
  6669 | D:9      | Noticed Joseph
  6681 | D:9      | Killed Joseph
  6682 | D:9      | Reached skill level 10 in Long Blades
  6698 | D:9      | Found a flagged portal.
  6846 | Bailey   | Entered a bailey
  7156 | Bailey   | Reached XP level 10. HP: 53/71 MP: 10/10
  7321 | Bailey   | Found a burning altar of Makhleb.
  7836 | D:9      | Noticed Maurice
  8012 | D:9      | Killed Maurice
  8144 | D:10     | Entered Level 10 of the Dungeon
  8187 | D:9      | Noticed a two-headed ogre
  8455 | D:10     | Found a shimmering altar of Xom.
  8499 | D:10     | Noticed a kobold demonologist
  8501 | D:10     | Noticed an orange demon
  8640 | D:10     | Found a transporter.
  8644 | D:10     | Noticed a deep elf pyromancer
  8691 | D:10     | Reached skill level 5 in Evocations
  8781 | D:10     | Found a transporter.
  9005 | D:10     | Noticed a boulder beetle
  9006 | D:10     | Paralysed by a kobold brigand for 5 turns
  9031 | D:10     | Killed a kobold demonologist
  9032 | D:10     | Reached XP level 11. HP: 34/77 MP: 11/11
  9241 | D:10     | Found a staircase to the Lair.
  9281 | D:10     | Found an opulent altar of Gozag.
  9281 | D:10     | Found a glowing silver altar of Zin.
  9287 | D:10     | Became a worshipper of Gozag Ym Sagoz the Greedy
  9605 | Lair:1   | Entered Level 1 of the Lair of Beasts
  9713 | D:10     | Bought a runed scimitar for 203 gold pieces
 11254 | Lair:2   | Noticed a four-headed hydra
 11784 | Lair:2   | Found a staircase to the Shoals.
 11830 | Lair:2   | Reached XP level 12. HP: 84/84 MP: 12/12
 12744 | Lair:3   | Found a staircase to the Snake Pit.
 12766 | Lair:3   | Reached skill level 10 in Stealth
 14040 | Lair:4   | Reached skill level 10 in Fighting
 14222 | Lair:4   | Reached XP level 13. HP: 63/92 MP: 13/13
 14467 | Lair:3   | Bought a +3 vampiric great sword for 547 gold pieces
 14615 | Snake:1  | Entered Level 1 of the Snake Pit
 14863 | Lair:4   | Reached skill level 10 in Dodging
 15413 | D:10     | Found a staircase to the Orcish Mines.
 15446 | Orc:1    | Entered Level 1 of the Orcish Mines
 15677 | Orc:1    | Found Ruyv's Antique Weapon Boutique.
 15865 | Orc:2    | Entered Level 2 of the Orcish Mines
 15878 | Orc:2    | Noticed patfeehan111222's ghost (journeyman MiBe)
 15903 | Orc:2    | Noticed a minotaur
 16008 | Orc:2    | Noticed an orc warlord
 17232 | D:12     | You fall into a shaft and drop 1 floor!
 17265 | D:13     | Noticed a vault guard
 17265 | D:13     | Noticed a vault guard
 17819 | D:12     | Noticed an orc warlord
 17828 | D:12     | Killed an orc warlord
 17829 | D:12     | Reached skill level 15 in Long Blades
 19225 | Lair:2   | Found a staircase to the Shoals.
 19360 | Lair:3   | Found Araafeow's Weapon Shoppe.
 19499 | Lair:4   | Reached XP level 14. HP: 76/99 MP: 14/14
 20502 | Lair:4   | Noticed a dire elephant
 20588 | Lair:4   | Found a runed translucent door.
 20608 | Lair:4   | Found a staircase to the Slime Pits.
 20730 | Lair:5   | Entered Level 5 of the Lair of Beasts
 21044 | Lair:5   | Found a gate leading to a gauntlet.
 21063 | Gauntlet | Entered a Gauntlet
 21063 | Gauntlet | Found a transporter.
 21073 | Gauntlet | Found a transporter.
 21084 | Gauntlet | Found a transporter.
 21087 | Gauntlet | Found a transporter.
 21098 | Gauntlet | Found a transporter.
 21110 | Gauntlet | Found a runed translucent door.
 21117 | Gauntlet | Found a transporter.
 21128 | Gauntlet | Found a transporter.
 21131 | Gauntlet | Noticed a reaper
 21138 | Gauntlet | Found a runed translucent gate.
 21139 | Gauntlet | Found a transporter.
 21140 | Gauntlet | Found a runed translucent gate.
 21140 | Gauntlet | Found a runed translucent gate.
 21158 | Gauntlet | Found a transporter.
 21171 | Gauntlet | Found a runed translucent door.
 21173 | Gauntlet | Found a transporter.
 21173 | Gauntlet | Found a transporter.
 21176 | Gauntlet | Found a runed translucent door.
 21180 | Gauntlet | Found a transporter.
 21219 | Gauntlet | Found a transporter.
 21233 | Gauntlet | Found a transporter.
 21963 | Gauntlet | Got the Compendium of the Chill
 22969 | Lair:5   | Bought a scroll of teleportation for 45 gold pieces
 22969 | Lair:5   | Bought a scroll of enchant weapon for 112 gold pieces
 22969 | Lair:5   | Bought a scroll of blinking for 112 gold pieces
 22969 | Lair:5   | Bought a scroll of blinking for 112 gold pieces
 24373 | Orc:1    | Killed an orc warlord
 24820 | Orc:1    | Reached XP level 15. HP: 110/110 MP: 15/15
 25383 | Orc:2    | Found Toheeriq's Distillery.
 25383 | Orc:2    | Found Vuzeul's General Store.
 25386 | Orc:2    | Found Noihec's Jewellery Emporium.
 25414 | Orc:2    | Found Diboraj's Distillery.
 25417 | Orc:2    | Bought a potion of heal wounds for 75 gold pieces
 25418 | Orc:2    | Bought a potion of invisibility for 128 gold pieces
 25420 | Orc:2    | Bought a scroll of enchant weapon for 105 gold pieces
 25654 | Orc:2    | Found a runed translucent gate.
 25655 | Orc:2    | Found a runed translucent gate.
 25791 | Orc:2    | Found a staircase to the Elven Halls.
 25913 | Orc:2    | Found a runed translucent gate.
 26096 | Orc:2    | Bought the brooch of Shielding {Spirit SH+8} for 975 gold
                  | pieces
 26096 | Orc:2    | Found the brooch of Shielding {Spirit SH+8}
 26869 | Lair:3   | Found a staircase to the Snake Pit.
 27164 | Snake:1  | Found Ediul's Distillery.
 27170 | Snake:1  | Bought a potion of magic for 104 gold pieces
 27170 | Snake:1  | Bought a potion of degeneration for 13 gold pieces
 27170 | Snake:1  | Bought a potion of heal wounds for 65 gold pieces
 27236 | Snake:1  | Found Vyskawnael's Weapon Emporium.
 27436 | Snake:1  | Found a runed translucent gate.
 27436 | Snake:1  | Found a runed translucent gate.
 27436 | Snake:1  | Found a runed translucent gate.
 27438 | Snake:1  | Noticed Meok's ghost (adept MiFi)
 27537 | Snake:1  | Found Wugety's Magic Scroll Shoppe.
 28966 | Elf:1    | Entered Level 1 of the Elven Halls
 29397 | Elf:1    | Paralysed by an air elemental for 1 turns
 29513 | Elf:1    | Reached skill level 1 in Spellcasting
 29905 | Elf:1    | Noticed a deep elf sorcerer
 29917 | Elf:1    | Killed a deep elf sorcerer
 30398 | Elf:1    | Noticed a deep elf sorcerer
 30439 | Elf:1    | Killed a deep elf sorcerer
 30866 | Elf:1    | HP: 1/113 [something/shard of ice (31)]
 31907 | Elf:2    | Identified the ring of Wolofau {rPois Int+5}
 32446 | Elf:2    | Found Asminoju's Firing Range.
 32456 | Elf:2    | Reached XP level 16. HP: 99/119 MP: 15/22
 32488 | Elf:2    | Bought a +0 triple crossbow for 160 gold pieces
 32742 | Snake:1  | Bought a scroll of brand weapon for 104 gold pieces
 32742 | Snake:1  | Bought a scroll of brand weapon for 104 gold pieces
 32742 | Snake:1  | Bought a scroll of teleportation for 33 gold pieces
 32742 | Snake:1  | Bought a scroll of teleportation for 33 gold pieces
 32794 | Snake:1  | Found Ediul's Distillery.
 32820 | Snake:1  | Found Vyskawnael's Weapon Emporium.
 33073 | Snake:1  | Found a runed translucent gate.
 33073 | Snake:1  | Found a runed translucent gate.
 33073 | Snake:1  | Found a runed translucent gate.
 33174 | Snake:1  | Found Wugety's Magic Scroll Shoppe.
 34149 | Snake:2  | Reached skill level 5 in Spellcasting
 34438 | Snake:2  | Found Tuoguydd's Jewellery Emporium.
 34447 | Snake:2  | Bought a +6 ring of dexterity for 540 gold pieces
 34464 | Snake:2  | Found Rialymp's Magic Scroll Emporium.
 34464 | Snake:2  | Found Naezurun's Armour Shop.
 35337 | Snake:4  | Entered Level 4 of the Snake Pit
 36020 | Snake:3  | Reached skill level 15 in Dodging
 36135 | Snake:3  | Found a transporter.
 36461 | Snake:3  | Found a transporter.
 36485 | Snake:3  | Identified the ring "Coma" {rC+ MP+9 Str+3 Int+2}
 36740 | Snake:3  | Identified the +1 plate armour "Ywua" {Will+ MP+9}
 37741 | Snake:4  | Reached XP level 17. HP: 124/125 MP: 18/29
 40394 | Snake:4  | Noticed Vashnia
 40448 | Snake:4  | Killed Vashnia
 41179 | Snake:4  | Got a serpentine rune of Zot
 41309 | Lair:3   | Bought a +5 heavy triple sword for 810 gold pieces
 41886 | D:9      | Killed Gastronok
 43056 | D:13     | Found a gate to the Vaults.
 43773 | D:14     | Noticed Snorg
 43779 | D:15     | Entered Level 15 of the Dungeon
 43848 | D:14     | Killed Snorg
 44027 | D:14     | Noticed Agnes
 44035 | D:14     | Killed Agnes
 44036 | D:14     | Reached XP level 18. HP: 106/132 MP: 30/30
 44298 | D:14     | Found an opulent altar of Gozag.
 44609 | D:14     | Noticed Josephine
 44623 | D:14     | Killed Josephine
 44631 | D:14     | Reached skill level 15 in Stealth
 45364 | D:15     | Noticed Nessos
 45371 | D:15     | Killed Nessos
 45463 | D:15     | Found a staircase to the Depths.
 45821 | D:15     | Found a shimmering blue altar of Sif Muna.
 46267 | D:15     | Found a portal to a secret trove of treasure.
 46599 | D:15     | Identified the +7 mace "Feblaumo" {heavy, *Corrode rElec
                  | rC++}
 46687 | D:13     | Bought a wand of quicksilver (6) for 277 gold pieces
 47232 | Elf:2    | Found a runed translucent gate.
 47232 | Elf:2    | Found a runed translucent gate.
 47232 | Elf:2    | Found a runed translucent gate.
 47494 | Elf:3    | Entered Level 3 of the Elven Halls
 47984 | Elf:3    | Paralysed by an air elemental for 1 turns
 48200 | Elf:3    | Noticed a Tzitzimitl
 48503 | Elf:3    | Identified the ring of Jurraczun {rPois Int+2}
 48543 | Elf:3    | Reached skill level 15 in Fighting
 49375 | Elf:3    | Identified the +5 mace of Crusades {flame, rN+}
 49516 | Elf:3    | Identified the +1 robe of Wu Jian's Generosity {Regen+}
 49516 | Elf:3    | Identified the ring of Hiehiod {rElec rC- Will+ Int+6
                  | Slay+4}
 50446 | Elf:3    | Noticed a deep elf blademaster
 50455 | Elf:3    | Killed a deep elf blademaster
 50628 | Elf:3    | Noticed a deep elf blademaster
 50635 | Elf:3    | Killed a deep elf blademaster
 51926 | Elf:3    | Identified the +1 great sword of the Vine {drain, rCorr
                  | Dex+3}
 51926 | Elf:3    | Identified the ring of Eczear {rN+ Will+ rCorr Slay+2
                  | Stlth-}
 51936 | Elf:3    | Reached skill level 10 in Spellcasting
 53016 | Elf:3    | Identified the +5 longbow "Trog's Vengeance" {flame, rF++
                  | rC- SInv Stlth+}
 53399 | Elf:3    | Got the Precepts of Cryomancy and Turbulence
 53834 | Shoals:1 | Entered Level 1 of the Shoals
 53852 | Shoals:1 | Reached XP level 19. HP: 114/139 MP: 33/33
 55218 | Shoals:2 | Reached skill level 1 in Ranged Weapons
 55587 | Shoals:2 | Noticed Polyphemus
 55596 | Shoals:2 | Killed Polyphemus
 55995 | Shoals:2 | Noticed Ilsuiw
 56032 | Shoals:2 | Killed Ilsuiw
 56321 | Shoals:2 | Reached skill level 5 in Ranged Weapons
 57015 | Shoals:3 | Found Oxexkuwn's Book Boutique.
 58835 | Shoals:4 | Entered Level 4 of the Shoals
 61264 | Shoals:4 | Identified the +1 robe of Juimonem {rN+}
 61396 | Shoals:4 | Got a barnacled rune of Zot
 61766 | Lair:2   | Identified a scroll of acquirement
 61766 | Lair:2   | Acquired 601 gold pieces
 62315 | Lair:5   | Found a large runed translucent door.
 62317 | Lair:5   | Found a large runed translucent door.
 62360 | Lair:5   | Reached XP level 20. HP: 145/145 MP: 34/34
 62566 | Lair:5   | Acquired the +2 hat of Claustrophobia {Will+ Int+3 Dex+5}
 62894 | Vaults:1 | Entered Level 1 of the Vaults
 63216 | Vaults:1 | Identified the +7 hand axe "Laofyt" {antimagic, Str+4
                  | Int+2}
 63225 | Vaults:1 | Found Gaigobb's Assorted Antiques.
 63234 | Vaults:1 | Reached skill level 10 in Ranged Weapons
 63245 | Vaults:1 | Bought 2 scrolls of enchant weapon for 390 gold pieces
 63259 | Vaults:1 | Bought the ring of Ceakoam {Slay+3 SInv} for 380 gold
                  | pieces
 63259 | Vaults:1 | Bought a +6 ring of dexterity for 396 gold pieces
 63399 | Vaults:1 | Found Niutuupsif's Book Boutique.
 63473 | Vaults:1 | Noticed Saint Roka
 63486 | Vaults:1 | Killed Saint Roka
 64661 | Vaults:2 | Noticed Jory
 64665 | Vaults:2 | Killed Jory
 67182 | Vaults:3 | Reached XP level 21. HP: 150/151 MP: 35/35
 67250 | Vaults:3 | Found a huge runed gate.
 67250 | Vaults:3 | Found a huge runed gate.
 67250 | Vaults:3 | Found a huge runed gate.
 67250 | Vaults:3 | Found a huge runed gate.
 67250 | Vaults:3 | Found a huge runed gate.
 67250 | Vaults:3 | Found a huge runed gate.
 67251 | Vaults:3 | Found a huge runed gate.
 67251 | Vaults:3 | Found a huge runed gate.
 67251 | Vaults:3 | Found a huge runed gate.
 67251 | Vaults:3 | Found a huge runed gate.
 67254 | Vaults:3 | Found a huge runed gate.
 67254 | Vaults:3 | Found a huge runed gate.
 67254 | Vaults:3 | Found a huge runed gate.
 67254 | Vaults:3 | Found a huge runed gate.
 67254 | Vaults:3 | Found a huge runed gate.
 67254 | Vaults:3 | Found a huge runed gate.
 67255 | Vaults:3 | Found a huge runed gate.
 67256 | Vaults:3 | Found a huge runed gate.
 67257 | Vaults:3 | Found a huge runed gate.
 67265 | Vaults:3 | Found a huge runed gate.
 67265 | Vaults:3 | Found a huge runed gate.
 67265 | Vaults:3 | Found a huge runed gate.
 67265 | Vaults:3 | Found a huge runed gate.
 67265 | Vaults:3 | Found a huge runed gate.
 67265 | Vaults:3 | Found a huge runed gate.
 67266 | Vaults:3 | Found a huge runed gate.
 67267 | Vaults:3 | Found a huge runed gate.
 67268 | Vaults:3 | Found a huge runed gate.
 67276 | Vaults:3 | Found a huge runed gate.
 67276 | Vaults:3 | Found a huge runed gate.
 67276 | Vaults:3 | Found a huge runed gate.
 67276 | Vaults:3 | Found a huge runed gate.
 67276 | Vaults:3 | Found a huge runed gate.
 67276 | Vaults:3 | Found a huge runed gate.
 67277 | Vaults:3 | Found a huge runed gate.
 67278 | Vaults:3 | Found a huge runed gate.
 67474 | Vaults:3 | Found a staircase to the Crypt.
 67474 | Vaults:3 | Found a basalt altar of Yredelemnul.
 67474 | Vaults:3 | Found an ancient bone altar of Kikubaaqudgha.
 68162 | Vaults:3 | Found Cysan's Antique Armour Emporium.
 68498 | Vaults:3 | Noticed Xtahua
 68504 | Vaults:3 | Killed Xtahua
 68915 | Vaults:3 | Identified the +1 leather armour "Henkytt" {rF+ Will- Str+8
                  | Int+2}
 69290 | Vaults:4 | Found Ronog's Antique Armour Boutique.
 69600 | Vaults:4 | Found Dycuzu Sank's Magic Scroll Emporium.
 69608 | Vaults:4 | Bought a scroll of teleportation for 63 gold pieces
 70193 | Vaults:4 | Found Jufidgh's Assorted Antiques.
 70254 | Vaults:4 | Found Puutsib's Armour Shop.
 70759 | Depths:1 | Entered Level 1 of the Depths
 70766 | Depths:1 | Found a one-way gate to the infinite horrors of the Abyss.
 70929 | Depths:1 | Found a snail-covered altar of Cheibriados.
 71704 | Depths:1 | Reached XP level 22. HP: 147/157 MP: 37/37
 72148 | Depths:1 | Acquired a manual of Ranged Weapons
 72172 | Depths:1 | Found a gateway to Hell.
 73676 | Depths:2 | Reached skill level 15 in Ranged Weapons
 74940 | Depths:2 | Found a one-way gate leading to the halls of Pandemonium.
 74964 | Depths:2 | Identified the +1 robe of Hairiness {Fly rC- Str+5}
 76189 | Depths:3 | Found Iloufreth's General Store.
 76193 | Depths:3 | Found Zoecraukk's Distillery.
 76213 | Depths:3 | Bought a scroll of acquirement for 832 gold pieces
 76213 | Depths:3 | Acquired 421 gold pieces
 77182 | Depths:3 | Identified the +7 plate armour of the Hippo {rF++ rN+++
                  | Will-}
 77492 | Depths:3 | Reached XP level 23. HP: 125/162 MP: 36/38
 77835 | Depths:4 | Entered Level 4 of the Depths
 77936 | Depths:4 | Found a one-way gateway to a ziggurat.
 78179 | Depths:3 | Identified the +11 quarterstaff "Cegoich" {freeze, Dex+3}
 78858 | Depths:4 | Noticed the Enchantress
 78995 | Depths:4 | Killed the Enchantress
 79053 | Depths:4 | Noticed an ancient lich
 79066 | Depths:4 | Killed an ancient lich
 79408 | Depths:4 | Got the Almanac of Zombies
 79974 | Depths:4 | Found a gate to the Realm of Zot.
 80428 | Crypt:1  | Entered Level 1 of the Crypt
 82687 | Crypt:3  | Entered Level 3 of the Crypt
 82797 | Crypt:3  | Found a staircase to the Tomb.
 82799 | Crypt:3  | Reached XP level 24. HP: 169/169 MP: 38/38
 83057 | Crypt:3  | Identified the +12 war axe of Death {flame, Dex+3}
 83138 | Crypt:3  | Paralysed by a vampire knight for 3 turns
 84424 | Crypt:2  | Found an ancient bone altar of Kikubaaqudgha.
 84455 | Tomb:1   | Entered Level 1 of the Tomb of the Ancients
 85551 | Tomb:1   | Identified the +8 flail of the Sage {chaos, Fragile rN+
                  | Dex+2}
 86085 | Tomb:1   | Noticed a royal mummy
 86089 | Tomb:1   | Killed a royal mummy
 86377 | Tomb:1   | Noticed a royal mummy
 86386 | Tomb:1   | Noticed a royal mummy
 86969 | Depths:1 | Voluntarily entered the Abyss.
 87011 | Abyss:2  | Found a corrupted altar of Lugonu.
 87176 | Depths:1 | Escaped the Abyss
 87178 | Depths:1 | Voluntarily entered the Abyss.
 87270 | Abyss:2  | Identified the +1 leather armour "Hywkewkefuw" {Fly rF+++
                  | rC-}
 87279 | Abyss:2  | Found a corrupted altar of Lugonu.
 87302 | Abyss:2  | Found a corrupted altar of Lugonu.
 87673 | Abyss:3  | Reached XP level 25. HP: 102/174 MP: 31/38
 87714 | Abyss:3  | Noticed a juggernaut
 87720 | Abyss:3  | Killed a juggernaut
 87805 | Depths:1 | Escaped the Abyss
 88229 | Vaults:5 | Entered Level 5 of the Vaults
 88271 | Vaults:5 | Noticed Boris
 88931 | Vaults:5 | Killed Boris
 89304 | Vaults:5 | Identified the ring "Jaum Daxt" {rPois Will+ Str+4 Dex+3
                  | Slay+4}
 89707 | Vaults:5 | Got a silver rune of Zot
 90093 | Vaults:5 | Identified the +3 trident "Buxi" {heavy, rN+}
 90116 | Vaults:5 | Identified the ring "Wuleitev" {rElec rPois EV+5 Str-5}
 90327 | Vaults:5 | Reached XP level 26. HP: 179/189 MP: 38/38
 90386 | Vaults:5 | Identified the +0 buckler of Mink {Will++ Str+3}
 90420 | Vaults:5 | Noticed an ancient lich
 90421 | Vaults:5 | Killed an ancient lich
 90918 | Depths:1 | Voluntarily entered the Abyss.
 91380 | Abyss:3  | Found a corrupted altar of Lugonu.
 91387 | Abyss:3  | Found a corrupted altar of Lugonu.
 91390 | Abyss:3  | Gained mutation: Your spells are a little easier to cast,
                  | but a little less powerful. [a cacodemon]
 91486 | Abyss:3  | Found a corrupted altar of Lugonu.
 91490 | Depths:1 | Escaped the Abyss
 91874 | Depths:1 | Voluntarily entered the Abyss.
 92282 | Depths:1 | Escaped the Abyss
 92610 | Depths:1 | Voluntarily entered the Abyss.
 92748 | Abyss:3  | Gained mutation: You occasionally shout uncontrollably at
                  | your foes. [a shining eye]
 92750 | Abyss:3  | Gained mutation: You are weak. (Str -2) [a shining eye]
 92775 | Abyss:3  | Paralysed by accursed screaming for 1 turns
 92981 | Abyss:3  | Found a corrupted altar of Lugonu.
 92987 | Abyss:3  | Got an abyssal rune of Zot
 93018 | Abyss:3  | Learned a level 1 spell: Apportation
 93069 | Abyss:3  | Reached skill level 1 in Translocations
 93193 | Abyss:3  | Reached XP level 27. HP: 71/195 MP: 31/38
 93194 | Abyss:3  | Reached skill level 5 in Translocations
 93207 | Depths:1 | Escaped the Abyss
 93585 | Depths:1 | Bought a manual of Fighting for 1520 gold pieces
 93934 | Slime:1  | Entered Level 1 of the Pits of Slime
 94886 | Slime:4  | Gained mutation: You expend magic power (3 MP) to
                  | strengthen your wands. [a shining eye]
 95122 | Slime:5  | Entered Level 5 of the Pits of Slime
 95242 | Slime:5  | Noticed the Royal Jelly
 97347 | Slime:5  | Found a viscous altar of Jiyva.
 97680 | Slime:5  | Killed the Royal Jelly
 98572 | Slime:5  | Identified the +6 battleaxe of Hentifel {flame, *Rage rC+
                  | Dex+3}
 98581 | Slime:5  | Got a slimy rune of Zot
 98597 | Slime:5  | Identified the +8 scale mail "Kiaroh" {+Inv Str+3}
 98624 | Slime:5  | Identified the +3 arbalest of the Reaper {antimagic, rCorr
                  | Int+8 Dex+3 Stlth-}
 99222 | D:10     | Identified the +1 pair of gloves "Zojao" {*Slow rF+++ Will+
                  | SInv}
 99547 | Depths:4 | Learned a level 4 spell: Manifold Assault
 99683 | Zot:1    | Entered Level 1 of the Realm of Zot
100048 | Zot:1    | Reached skill level 10 in Translocations
100373 | Zot:1    | Noticed Vv
100381 | Zot:1    | Killed Vv
102159 | Zot:3    | Noticed a dread lich
102174 | Zot:3    | Reached skill level 15 in Translocations
102178 | Zot:3    | Killed a dread lich
103857 | Zot:4    | Identified the +9 flail "Beetleslayer" {venom, rPois rN+
                  | Will+}
104017 | Zot:5    | Entered Level 5 of the Realm of Zot
104971 | Zot:5    | Noticed a dread lich
104973 | Zot:5    | Killed a dread lich
104983 | Zot:5    | Noticed an ancient lich
104989 | Zot:5    | Noticed an orb of fire
104991 | Zot:5    | Killed an ancient lich
104995 | Zot:5    | Killed an orb of fire
105040 | Zot:5    | Noticed a dread lich
105041 | Zot:5    | Killed a dread lich
105044 | Zot:5    | Noticed an ancient lich
105045 | Zot:5    | Killed an ancient lich
105073 | Zot:5    | Noticed an ancient lich
105080 | Zot:5    | Killed an ancient lich
105080 | Zot:5    | Noticed an orb of fire
105083 | Zot:5    | Noticed an orb of fire
105085 | Zot:5    | Killed an orb of fire
105086 | Zot:5    | Gained mutation: Potions are less effective at restoring
                  | your health. [an orb of fire]
105087 | Zot:5    | Killed an orb of fire
105089 | Zot:5    | a Killer Klown changed into a juggernaut
105089 | Zot:5    | Noticed a juggernaut
105091 | Zot:5    | Killed a juggernaut
106270 | Hell     | Entered the Vestibule of Hell
106270 | Hell     | Noticed Geryon
106288 | Hell     | Killed Geryon
106583 | Hell     | Found a gateway to the ashen valley of Gehenna.
106675 | Hell     | Found a gateway to the freezing wastes of Cocytus.
106720 | Hell     | Found a gateway to the Iron City of Dis.
106927 | Hell     | Found a gateway to the decaying netherworld of Tartarus.
107063 | Hell     | Learned a level 8 spell: Necromutation
107127 | Tar:1    | Entered Level 1 of Tartarus
108010 | Pan      | Entered Pandemonium
108468 | Pan      | Noticed Soag the pandemonium lord
108473 | Pan      | Killed Soag the pandemonium lord
109122 | Pan      | Noticed Oprorhar the pandemonium lord
109138 | Pan      | Killed Oprorhar the pandemonium lord
109381 | Pan      | Entered the realm of Cerebov.
109463 | Pan      | Reached skill level 15 in Spellcasting
109568 | Pan      | Found the +6 sword of Cerebov {flame}
109568 | Pan      | Noticed Cerebov
109614 | Pan      | Killed Cerebov
110809 | Pan      | Identified the +2 scimitar "Olokoer" {freeze, rCorr Str-5
                  | Dex+4 Stlth+}
110817 | Pan      | Identified the +3 flail of the Devouring Gods {elec, rElec
                  | Int+6}
110820 | Pan      | Identified the +12 trident of the Establishment {flame,
                  | Fragile rN+ Str+3 Int+3}
110821 | Pan      | Identified the +5 scimitar "Beetleslayer" {drain, Stlth+}
110839 | Pan      | Got a fiery rune of Zot
110869 | Pan      | Identified the +1 war axe "Nirchuwko" {flame, rC++ Int+4}
110870 | Pan      | Identified the +1 sling of Jevem {heavy, rPois Str+9 Int-4}
110889 | Pan      | Got the Atlas of the Dead
110891 | Pan      | Identified the +5 flail "Huob" {antimagic, Int+5}
111080 | Pan      | Found an exit through the horrors of the Abyss.
111227 | Pan      | Noticed Puopei the pandemonium lord
111231 | Pan      | Killed Puopei the pandemonium lord
111239 | Pan      | HP: 9/214 [something (18)]
111829 | Pan      | Found a glowing golden altar of the Shining One.
111829 | Pan      | Noticed a seraph
111834 | Pan      | Killed a seraph
111953 | Pan      | Identified the +1 helmet of Absence {Dex+4}
111957 | Pan      | Identified the amulet of Xaduxeal {Faith Int+3 Dex+5}
111966 | Pan      | Got a demonic rune of Zot
112227 | Pan      | Found a white marble altar of Elyvilon.
112297 | Pan      | Identified the +7 hand axe of Conservatism {protect, rPois
                  | rN+}
112955 | Pan      | Found a glowing silver altar of Zin.
114036 | Pan      | Gained mutation: You are frail. (-10% HP) [a neqoxec]
114038 | Pan      | Lost mutation: You occasionally shout uncontrollably at
                  | your foes. [potion of mutation]
114038 | Pan      | Lost mutation: You are frail. (-10% HP) [potion of
                  | mutation]
114038 | Pan      | Lost mutation: You expend magic power (3 MP) to strengthen
                  | your wands. [potion of mutation]
114038 | Pan      | Gained mutation: You are vulnerable to cold. (rC-) [potion
                  | of mutation]
114039 | Pan      | Lost mutation: You are weak. (Str -2) [potion of mutation]
114039 | Pan      | Lost mutation: Potions are less effective at restoring your
                  | health. [potion of mutation]
114040 | Pan      | Lost mutation: Your spells are a little easier to cast, but
                  | a little less powerful. [potion of mutation]
114040 | Pan      | Lost mutation: You are vulnerable to cold. (rC-) [potion of
                  | mutation]
114040 | Pan      | Gained mutation: Your spells are a little easier to cast,
                  | but a little less powerful. [potion of mutation]
114040 | Pan      | Gained mutation: You are robust. (+10% HP) [potion of
                  | mutation]
114052 | Pan      | Noticed Mennas
114057 | Pan      | Killed Mennas
115112 | Pan      | Noticed Koinorug the pandemonium lord
115115 | Pan      | Killed Koinorug the pandemonium lord
115777 | Pan      | Identified the ring of Nefod {Str+4 SInv}
115847 | Pan      | Noticed Xef Foaxuro the pandemonium lord
115853 | Pan      | Killed Xef Foaxuro the pandemonium lord
116268 | Pan      | Noticed Rotoaddi the pandemonium lord
116271 | Pan      | Killed Rotoaddi the pandemonium lord
117959 | Pan      | Reached skill level 1 in Necromancy
118018 | Pan      | Reached skill level 1 in Transmutations
118859 | Pan      | Entered the realm of Mnoleg.
118881 | Pan      | Noticed Mnoleg
118885 | Pan      | Gained mutation: You sometimes lose your temper in combat.
                  | [a neqoxec]
118889 | Pan      | Killed Mnoleg
118908 | Pan      | Gained mutation: You have an uncontrollable temper. [a
                  | neqoxec]
119040 | Pan      | Got a glowing rune of Zot
119124 | Pan      | Gained mutation: You occasionally shout uncontrollably at
                  | your foes. [a cacodemon]
119151 | Pan      | Gained mutation: You do not regenerate when monsters are
                  | visible. [a neqoxec]
119158 | Pan      | Identified the ring of Wusha {rElec rF+ SInv}
119163 | Pan      | Paralysed by a floating eye for 3 turns
119166 | Pan      | Gained mutation: You are dopey. (Int -2) [a neqoxec]
119352 | Pan      | Reached skill level 5 in Necromancy
119352 | Pan      | Reached skill level 5 in Transmutations
119923 | Pan      | Noticed Qudootab the pandemonium lord
119930 | Pan      | Killed Qudootab the pandemonium lord
120147 | Pan      | Noticed Kaiffonk the pandemonium lord
120153 | Pan      | Killed Kaiffonk the pandemonium lord
121419 | Pan      | Gained mutation: You are clumsy. (Dex -2) [a cacodemon]
121493 | Pan      | Identified the +12 falchion "Ragolud" {holy, *Rage rPois
                  | MP+9 Str+3}
121736 | Pan      | Entered the realm of Lom Lobon.
121795 | Pan      | Found an exit through the horrors of the Abyss.
122185 | Pan      | Identified the +2 executioner's axe of Greed {protect,
                  | +Blink rPois Will+ Dex+3}
122986 | Pan      | Lost mutation: You do not regenerate when monsters are
                  | visible. [potion of mutation]
122986 | Pan      | Lost mutation: You are dopey. (Int -2) [potion of mutation]
122986 | Pan      | Lost mutation: Your spells are a little easier to cast, but
                  | a little less powerful. [potion of mutation]
122986 | Pan      | Gained mutation: You have supernaturally acute eyesight.
                  | (SInv) [potion of mutation]
122986 | Pan      | Lost mutation: You are clumsy. (Dex -2) [potion of
                  | mutation]
122986 | Pan      | Lost mutation: You have an uncontrollable temper. [potion
                  | of mutation]
122992 | Pan      | Noticed Lom Lobon
123001 | Pan      | Killed Lom Lobon
123106 | Pan      | Got a magical rune of Zot
123232 | Pan      | Entered the realm of Gloorx Vloq.
123575 | Pan      | Found an exit through the horrors of the Abyss.
123652 | Pan      | Reached skill level 10 in Transmutations
123945 | Pan      | Reached skill level 10 in Necromancy
124247 | Pan      | Noticed Gloorx Vloq
124255 | Pan      | Killed Gloorx Vloq
124710 | Pan      | Got a dark rune of Zot
124768 | Pan      | Took an exit into the Abyss.
124768 | Abyss:3  | Escaped into the Abyss
124804 | Abyss:3  | Found a corrupted altar of Lugonu.
124936 | Depths:2 | Escaped the Abyss
126149 | Tar:4    | Noticed a dread lich
126153 | Tar:4    | Killed a dread lich
126752 | Tar:7    | Entered Level 7 of Tartarus
127567 | Tar:7    | Learned a level 3 spell: Portal Projectile
128557 | Tar:7    | Gained mutation: Your body sometimes deteriorates upon
                  | taking damage. [mutagenic glow]
128583 | Tar:7    | Noticed Ereshkigal
128944 | Tar:7    | Killed Ereshkigal
129426 | Tar:7    | Reached skill level 15 in Transmutations
129429 | Tar:7    | Reached skill level 15 in Necromancy
129635 | Tar:7    | Identified the +3 quarterstaff of the Abyss {flame, Str-3
                  | Int+5}
129641 | Tar:7    | Got a bone rune of Zot
129644 | Tar:7    | Got Khufu's Verses on the Mausoleum
129646 | Tar:7    | Identified the +1 great sword "Retawkott" {flame, rPois rC-
                  | rN+ Stlth+}
130409 | Dis:1    | Entered Level 1 of the Iron City of Dis
130724 | Dis:2    | Noticed a dread lich
130726 | Dis:2    | Killed a dread lich
131368 | Dis:4    | Noticed an ancient lich
131373 | Dis:4    | Killed an ancient lich
131462 | Dis:4    | You fall into a shaft and drop 2 floors!
131557 | Dis:7    | Entered Level 7 of the Iron City of Dis
132217 | Dis:7    | Noticed a juggernaut
132219 | Dis:7    | Killed a juggernaut
132853 | Dis:7    | Noticed a juggernaut
132856 | Dis:7    | Killed a juggernaut
133658 | Dis:7    | Noticed a juggernaut
133662 | Dis:7    | Killed a juggernaut
133662 | Dis:7    | Noticed the Serpent of Hell
133668 | Dis:7    | Killed the Serpent of Hell
134394 | Dis:7    | Noticed Dispater
134405 | Dis:7    | Learned a level 7 spell: Ozocubu's Refrigeration
134414 | Dis:7    | Learned a level 8 spell: Ignition
134422 | Dis:7    | Killed Dispater
134555 | Dis:7    | Found the +7 sceptre of Torment {pain, torment}
134571 | Dis:7    | Identified the +0 halberd of Jiurofoz {heavy, Int+2 Dex+4}
134573 | Dis:7    | Got an iron rune of Zot
135234 | Tomb:1   | Killed a royal mummy
135397 | Tomb:1   | Reached skill level 1 in Fire Magic
135886 | Tomb:2   | Noticed a royal mummy
135886 | Tomb:2   | Noticed a royal mummy
135886 | Tomb:2   | Noticed a royal mummy
136085 | Tomb:2   | Identified the +10 broad axe "Wisyluoz" {distort, Fly rElec
                  | rC- Str+2}
136085 | Tomb:2   | Noticed a royal mummy
136092 | Tomb:2   | Killed a royal mummy
136096 | Tomb:2   | Killed a royal mummy
136106 | Tomb:2   | Killed a royal mummy
136160 | Tomb:2   | Killed a royal mummy
136161 | Tomb:2   | Reached skill level 5 in Fire Magic
136524 | Tomb:1   | Noticed a royal mummy
136524 | Tomb:1   | Noticed a royal mummy
136524 | Tomb:1   | Noticed a royal mummy
136533 | Tomb:1   | Killed a royal mummy
136538 | Tomb:1   | Killed a royal mummy
136544 | Tomb:1   | Killed a royal mummy
136545 | Tomb:1   | Noticed a royal mummy
136546 | Tomb:1   | Killed a royal mummy
136547 | Tomb:1   | Killed a royal mummy
136567 | Tomb:1   | Noticed a royal mummy
136571 | Tomb:1   | Killed a royal mummy
136572 | Tomb:1   | Noticed a royal mummy
136572 | Tomb:1   | Noticed a royal mummy
136573 | Tomb:1   | Killed a royal mummy
136573 | Tomb:1   | Noticed a royal mummy
136575 | Tomb:1   | Noticed a royal mummy
136577 | Tomb:1   | Killed a royal mummy
136579 | Tomb:1   | Noticed a royal mummy
136581 | Tomb:1   | Killed a royal mummy
136583 | Tomb:1   | Killed a royal mummy
136592 | Tomb:1   | Noticed a royal mummy
136598 | Tomb:1   | Killed a royal mummy
136601 | Tomb:1   | Killed a royal mummy
137011 | Tomb:1   | Noticed a royal mummy
137016 | Tomb:1   | Noticed a royal mummy
137019 | Tomb:1   | Killed a royal mummy
137019 | Tomb:1   | Noticed a royal mummy
137020 | Tomb:1   | Killed a royal mummy
137022 | Tomb:1   | Killed a royal mummy
137067 | Tomb:3   | Entered Level 3 of the Tomb of the Ancients
137078 | Tomb:3   | Reached skill level 10 in Fire Magic
137095 | Tomb:3   | Noticed a royal mummy
137103 | Tomb:3   | Noticed a royal mummy
137107 | Tomb:3   | Killed a royal mummy
137107 | Tomb:3   | Noticed a royal mummy
137109 | Tomb:3   | Noticed a royal mummy
137110 | Tomb:3   | Noticed a royal mummy
137111 | Tomb:3   | Noticed a royal mummy
137111 | Tomb:3   | Noticed a royal mummy
137113 | Tomb:3   | Killed a royal mummy
137114 | Tomb:3   | Killed a royal mummy
137115 | Tomb:3   | Killed a royal mummy
137115 | Tomb:3   | Noticed a royal mummy
137116 | Tomb:3   | Killed a royal mummy
137119 | Tomb:3   | Killed a royal mummy
137119 | Tomb:3   | Killed a royal mummy
137120 | Tomb:3   | Reached skill level 15 in Fire Magic
137127 | Tomb:3   | Killed a royal mummy
137128 | Tomb:3   | Noticed a royal mummy
137136 | Tomb:3   | Killed a royal mummy
137420 | Tomb:3   | Found the +8 orange crystal plate armour {Archmagi, Int+3
                  | Clar}
137421 | Tomb:3   | Found the +2 shield of Resistance {rF++ rC++ Will++}
137468 | Tomb:3   | Identified the +5 dagger of Wealaq {venom, rElec Dex+2
                  | Stlth+}
137518 | Tomb:3   | Identified the +7 hand axe of Anustrace {holy, Int+6 Dex-3}
137549 | Tomb:3   | Got a golden rune of Zot
138327 | Zig:1    | Entered Level 1 of a ziggurat
138348 | Zig:2    | Entered Level 2 of a ziggurat
138351 | Zig:2    | Reached skill level 1 in Ice Magic
138367 | Zig:3    | Entered Level 3 of a ziggurat
138367 | Zig:3    | Noticed a dread lich
138372 | Zig:3    | Killed a dread lich
138391 | Zig:4    | Entered Level 4 of a ziggurat
138405 | Zig:4    | Identified the +11 morningstar "Pyriuc" {elec, rN+ Str+5}
138419 | Zig:5    | Entered Level 5 of a ziggurat
138452 | Zig:6    | Entered Level 6 of a ziggurat
138468 | Zig:6    | Found the +9 sword of Power {lifebolt}
138711 | Zig:6    | Identified the +5 shortbow of Moral Flaws {heavy, Fragile
                  | rElec rF+ Str+4}
138755 | Zig:7    | Entered Level 7 of a ziggurat
138891 | Zig:8    | Entered Level 8 of a ziggurat
138894 | Zig:8    | Noticed a royal mummy
138903 | Zig:8    | Noticed a royal mummy
138904 | Zig:8    | Killed a royal mummy
138905 | Zig:8    | Reached skill level 5 in Ice Magic
138907 | Zig:8    | Killed a royal mummy
139058 | Zig:8    | Got the Treatise on the Singed Gargoyle
139060 | Zig:8    | Identified the +3 great mace "Odisar" {vamp, rPois Stlth+}
139084 | Zig:9    | Entered Level 9 of a ziggurat
139255 | Zig:10   | Entered Level 10 of a ziggurat
139356 | Zig:10   | Identified the ring "Weret" {Wiz Contam rElec Dex+2}
139411 | Zig:10   | Identified the +3 pair of gloves of Jiocoew {rElec rCorr
                  | Int-2 Dex-2}
139415 | Zig:11   | Entered Level 11 of a ziggurat
139447 | Zig:11   | Found the ring of the Mage {Wiz Archmagi}
139638 | Zig:11   | Identified the ring "Ocyodiun" {Wiz rN+ Str+4}
139658 | Zig:12   | Entered Level 12 of a ziggurat
139811 | Zig:12   | Identified the ring "Mudujij" {+Blink Str+4 Dex+6 Slay-4}
139854 | Zig:13   | Entered Level 13 of a ziggurat
139876 | Zig:13   | Found the +8 Vampire's Tooth {megavamp}
139974 | Zig:13   | Identified the ring of the Sky {Str+6 Int+4}
139981 | Zig:13   | Identified the +4 short sword of Res Nullius {flame, rC+
                  | rN+ Int-4}
140067 | Zig:14   | Entered Level 14 of a ziggurat
140075 | Zig:14   | Noticed Etido the pandemonium lord
140096 | Zig:14   | Killed Etido the pandemonium lord
140101 | Zig:14   | Reached skill level 10 in Ice Magic
140286 | Zig:14   | Identified the ring "Vomyc" {rN++ Dex+6}
140289 | Zig:14   | Identified the +8 dagger of Gugez {pain, rCorr}
140291 | Zig:14   | Identified the +5 lajatang "Owyveo Inyi" {flame, Str+2}
140325 | Zig:15   | Entered Level 15 of a ziggurat
140332 | Zig:15   | Noticed a royal mummy
140334 | Zig:15   | Noticed a royal mummy
140334 | Zig:15   | Noticed a royal mummy
140335 | Zig:15   | Noticed a royal mummy
140336 | Zig:15   | Killed a royal mummy
140340 | Zig:15   | Killed a royal mummy
140341 | Zig:15   | Killed a royal mummy
140343 | Zig:15   | Noticed a royal mummy
140344 | Zig:15   | Killed a royal mummy
140347 | Zig:15   | Killed a royal mummy
140577 | Zig:15   | Identified the +9 double sword of Success {spect, rC+
                  | Str+5}
140585 | Zig:15   | Identified the +5 sling of Accidental Termination {freeze,
                  | rF+ rC+ rCorr MP-9}
140636 | Zig:16   | Entered Level 16 of a ziggurat
140815 | Zig:16   | Identified the +7 great mace of Keugunge {flame, rElec
                  | rCorr Str+5 Dex+3}
140908 | Zig:17   | Entered Level 17 of a ziggurat
140921 | Zig:17   | Noticed an ancient lich
140934 | Zig:17   | Killed an ancient lich
141307 | Zig:18   | Entered Level 18 of a ziggurat
141334 | Zig:18   | Noticed an ancient lich
141337 | Zig:18   | Killed an ancient lich
141647 | Zig:18   | Identified the ring "Hoadiej" {Ice rElec rPois Str-4 Dex+2}
141713 | Zig:19   | Entered Level 19 of a ziggurat
141763 | Zig:19   | Noticed a dread lich
141772 | Zig:19   | Killed a dread lich
141773 | Zig:19   | Reached skill level 15 in Ice Magic
141779 | Zig:19   | Noticed a dread lich
141783 | Zig:19   | Noticed a dread lich
141792 | Zig:19   | Killed a dread lich
141795 | Zig:19   | Killed a dread lich
142213 | Zig:19   | Found the +2 Maxwell's thermic engine {flame, freeze, rev}
142218 | Zig:19   | Found the +0 staff of Battle
142236 | Zig:19   | Identified the +4 mace of Amorality {heavy, rPois rF- MP+9
                  | Stlth+}
142277 | Zig:20   | Entered Level 20 of a ziggurat
142706 | Zig:20   | Found the +7 Spriggan's Knife {stab, EV+4 Stlth+}
142711 | Zig:20   | Identified the +2 fire dragon scales "Itzu" {rPois rF++ rC-
                  | Will++ Str+4 Int+2}
142726 | Zig:20   | Learned a level 9 spell: Polar Vortex
142732 | Zig:20   | Identified the ring "Feit" {rN+ Str+2}
142735 | Zig:20   | Identified the ring "Ymaps" {Will++ AC+4 Int+2 Dex-2}
142740 | Zig:20   | Identified the ring "Nuenut" {Int+6 Dex+4 SInv}
142767 | Zig:21   | Entered Level 21 of a ziggurat
142778 | Zig:21   | Noticed Talannal's ghost (legendary GnHW)
142779 | Zig:21   | Noticed Hillam's ghost (legendary DsTm)
142781 | Zig:21   | Noticed AverageBear's ghost (legendary OpFi)
142783 | Zig:21   | Noticed NinjaNoafa's ghost (legendary DrCj)
142784 | Zig:21   | Noticed jasper's ghost (veteran MiBe)
142787 | Zig:21   | Noticed holysushi's ghost (master OpIE)
142788 | Zig:21   | Noticed Vuopse's ghost (legendary GnIE)
142790 | Zig:21   | Noticed TuffENuff's ghost (legendary FoFi)
142805 | Zig:21   | Killed AverageBear's ghost
142807 | Zig:21   | Killed holysushi's ghost
142813 | Zig:21   | Killed Vuopse's ghost
142815 | Zig:21   | Killed NinjaNoafa's ghost
142818 | Zig:21   | Killed jasper's ghost
142822 | Zig:21   | Killed TuffENuff's ghost
142825 | Zig:21   | Killed Talannal's ghost
142827 | Zig:21   | Killed Hillam's ghost
143093 | Zig:21   | Identified the +2 mace "Etsiow" {holy, rF- rC+ Str+3 Int+8}
143108 | Zig:21   | Identified the +1 plate armour of Duty {Rampage rF+ SInv}
143111 | Zig:21   | Identified the +7 plate armour "Fotsetu" {Rampage Regen+}
143171 | Zig:22   | Entered Level 22 of a ziggurat
143187 | Zig:22   | Noticed a royal mummy
143187 | Zig:22   | Noticed a royal mummy
143187 | Zig:22   | Noticed a royal mummy
143188 | Zig:22   | Noticed a royal mummy
143190 | Zig:22   | Noticed a royal mummy
143190 | Zig:22   | Noticed a royal mummy
143190 | Zig:22   | Noticed a royal mummy
143193 | Zig:22   | Noticed a royal mummy
143194 | Zig:22   | Noticed a royal mummy
143196 | Zig:22   | Killed a royal mummy
143199 | Zig:22   | Noticed a royal mummy
143200 | Zig:22   | Killed a royal mummy
143200 | Zig:22   | Killed a royal mummy
143201 | Zig:22   | Killed a royal mummy
143201 | Zig:22   | Killed a royal mummy
143201 | Zig:22   | Killed a royal mummy
143204 | Zig:22   | Killed a royal mummy
143205 | Zig:22   | Killed a royal mummy
143205 | Zig:22   | Killed a royal mummy
143212 | Zig:22   | Killed a royal mummy
143506 | Zig:22   | Identified the +2 mace "Beastbane" {spect, rF+ Int+4}
143514 | Zig:22   | Identified the +7 short sword of the Tomato {antimagic,
                  | Fragile rPois rC+ SInv}
143520 | Zig:22   | Identified the +1 mace "Birudun" {venom, rN+ Dex+3 SInv}
143522 | Zig:22   | Identified the +3 dagger of Subterfuge {heavy, rPois Dex+5
                  | SInv}
143539 | Zig:22   | Got the Octavo of Nightshade and Execration
143629 | Zig:23   | Entered Level 23 of a ziggurat
143641 | Zig:23   | Paralysed by an air elemental for 1 turns
143830 | Zig:23   | Identified the +2 great mace of Causality {venom, Str+2
                  | Dex+4}
143834 | Zig:23   | Identified the ring of Derr {Drain Fly rElec MP+9 Dex+2
                  | Stlth-}
143847 | Zig:23   | Identified the ring of the Ladybird {rF+ rN+ Str+3 Int-4
                  | Dex+3}
143852 | Zig:23   | Identified the amulet of Ukkayluule {Reflect +Blink rN+++
                  | Dex-4 SH+5}
143854 | Zig:23   | Identified the ring "Cixzoer" {rPois Will+ Str-4 Int+5
                  | Dex+6}
144071 | Zig:23   | Identified the +1 helmet of Milij {+Inv rF+ Int+3 Stlth+}
144077 | Zig:24   | Entered Level 24 of a ziggurat
144306 | Zig:24   | Identified the +5 shortbow of Fenuo {speed, rF- rC+ Stlth+}
144329 | Zig:24   | Identified the ring "Xexzy" {+Blink Fly rF- rN+ Int+7}
144465 | Zig:25   | Entered Level 25 of a ziggurat
144480 | Zig:25   | Noticed Lisou the pandemonium lord
144481 | Zig:25   | Noticed Poyg the pandemonium lord
144482 | Zig:25   | Noticed Fukiheto the pandemonium lord
144483 | Zig:25   | Noticed Tawkoj the pandemonium lord
144485 | Zig:25   | Noticed Zycey the pandemonium lord
144485 | Zig:25   | Noticed Deff the pandemonium lord
144485 | Zig:25   | Noticed Usicir the pandemonium lord
144485 | Zig:25   | Noticed Xeughaf the pandemonium lord
144486 | Zig:25   | Noticed Readdogyma the pandemonium lord
144488 | Zig:25   | Killed Usicir the pandemonium lord
144488 | Zig:25   | Killed Lisou the pandemonium lord
144489 | Zig:25   | Killed Tawkoj the pandemonium lord
144489 | Zig:25   | Noticed Seegeol the pandemonium lord
144489 | Zig:25   | Noticed Vyarhir the pandemonium lord
144490 | Zig:25   | Killed Fukiheto the pandemonium lord
144490 | Zig:25   | Noticed Lume the pandemonium lord
144496 | Zig:25   | Killed Zycey the pandemonium lord
144496 | Zig:25   | Noticed Kaqor the pandemonium lord
144496 | Zig:25   | Killed Vyarhir the pandemonium lord
144496 | Zig:25   | Killed Deff the pandemonium lord
144497 | Zig:25   | Killed Poyg the pandemonium lord
144497 | Zig:25   | Killed Readdogyma the pandemonium lord
144497 | Zig:25   | Noticed Ysecsici the pandemonium lord
144498 | Zig:25   | Killed Xeughaf the pandemonium lord
144500 | Zig:25   | Killed Seegeol the pandemonium lord
144501 | Zig:25   | Killed Lume the pandemonium lord
144502 | Zig:25   | Noticed Renelats the pandemonium lord
144502 | Zig:25   | Killed Ysecsici the pandemonium lord
144503 | Zig:25   | Killed Kaqor the pandemonium lord
144505 | Zig:25   | Noticed Ceeddife the pandemonium lord
144515 | Zig:25   | Noticed Fiti the pandemonium lord
144517 | Zig:25   | Noticed Yre Qurgh the pandemonium lord
144521 | Zig:25   | Killed Renelats the pandemonium lord
144522 | Zig:25   | Killed Ceeddife the pandemonium lord
144525 | Zig:25   | Killed Fiti the pandemonium lord
144528 | Zig:25   | Noticed Tauxoulimi the pandemonium lord
144529 | Zig:25   | Killed Yre Qurgh the pandemonium lord
144541 | Zig:25   | Killed Tauxoulimi the pandemonium lord
144824 | Zig:25   | Found the +7 mace of Variability {chaos, chain chaos}
144833 | Zig:25   | Identified the +4 trident of Saukk {heavy, Str+4}
144953 | Zig:26   | Entered Level 26 of a ziggurat
145067 | Zig:26   | Upgraded the game from 0.30-a0-883-g5ad918d77d to
                  | 0.30-a0-900-g23479c02f2
145110 | Zig:26   | HP: 5/242 [daeva/divine providence (11)]
145111 | Zig:26   | Slain by a daeva

Illustrated notes

Levels and vault maps discovered:
D:1:      dpeg_arrival_court, layout_loops_corners
D:2:      layout_basic
D:3:      layout_loops_ring, lemuel_tele_altar, serial_shops,
          nicolae_shop_bloodbath_and_beyond, minivault_27, st_stairs_10
D:4:      layout_rooms, vehumet_crystals
D:5:      layout_rooms, minmay_temple_entry_gardened_gates
D:6:      layout_rooms, nicolae_uskayaw_dance_studio, sigmund_army
D:7:      layout_gridville
D:8:      layout_cave_pods, mainiacjoe_overflow_brackets,
          gammafunk_temple_overflow_claw, grunt_temple_overflow_open,
          enter_ossuary_3
D:9:      layout_rooms, enter_bailey_5, uniq_gastronok, uniq_maurice,
          uniq_joseph
D:10:     gammafunk_the_bubble [the_bubble_gammafunk_crates], layout_stronghold,
          grunt_temple_overflow_gold_and_silver, xom_butterflies,
          due_lair_maze_entry_diamond, minmay_orc_entry_guard_dogs, eino_jars
D:11:     layout_basic
D:12:     minmay_the_grid_3x2 [minmay_the_grid_armoury,
          minmay_the_grid_zigzag_pyramid, minmay_the_grid_aliased_spiral,
          minmay_the_grid_tri_star, minmay_the_grid_mess,
          minmay_the_grid_prize_inner_circle], layout_basic
D:13:     layout_irregular_city, erik_vaults_2, minmay_pinched_square
D:14:     layout_long_grid, grunt_gozag_statues, uniq_agnes, uniq_josephine,
          uniq_snorg
D:15:     hangedman_depths_entry_try_elsewhere_first, layout_basic,
          lemuel_blue_sif_altar, enter_trove_5, minmay_lindwurm_lava,
          uniq_nessos
Temple:   hellmonk_temple_micro_hex
Lair:1:   layout_chaotic_city, serial_bayou_ford_a, grunt_megastairs_5
Lair:2:   layout_regular_city, elwin_shoals_entry_rocks, serial_bayou_shore_a,
          infiniplex_staircase_pool_2
Lair:3:   layout_regular_city, dummy_snake_entry, grunt_megastairs_4
Lair:4:   layout_long_grid, slime_entry_2, nicolae_lair_lakeside_cave
Lair:5:   cheibrodos_lair_end_hotspot, layout_big_grid, gauntlet_entry_generic,
          chequers_serial_rivers_micro_a, minivault_23, serial_bayou_shore_b
Shoals:1: layout_shoals
Shoals:2: layout_shoals, nicolae_shoals_drake_roost, uniq_polyphemus,
          uniq_ilsuiw
Shoals:3: cheibrodos_shoals_oceanic_diplomacy, layout_shoals, serial_shops,
          nicolae_stop_n_shop_2
Shoals:4: shoals_end_hellmonk_lost_city
Snake:1:  layout_rooms, serial_shops, shop, nicolae_shop_trees, shop,
          ebering_ghost_rock_garden
Snake:2:  layout_misc_corridors, nicolae_snake_gridmaze_tees,
          nicolae_snake_biting_tails, nicolae_snake_serpentine_bazaar
Snake:3:  gammafunk_its_a_trap, layout_rooms, nicolae_snake_naga_rites
Snake:4:  grunt_snake_rune_serpentine_throne, layout_cave_town,
          hangedman_snake_thin_pillar_pass
Slime:1:  layout_caves
Slime:2:  layout_caves
Slime:3:  layout_caves
Slime:4:  nicolae_slime_jelly_donut, layout_caves
Slime:5
Orc:1:    layout_diamond_mine, basic_altar, serial_shops, shop,
          minmay_orc_temple_a
Orc:2:    st_orc_mages, layout_caves, lightli_volcano_entry_magma_tube,
          maelrawn_ghost_gauntlet_escape, statue_in_the_mist_lemuel,
          mines1_david
Elf:1:    minmay_elf_arrival_circle, layout_loops_corners,
          hangedman_elf_disciples, drop_trap
Elf:2:    nicolae_elf_blades_splatter_lattice [nooodl_blade_entry_preview],
          layout_loops_ring, nicolae_shop_firing_range
Elf:3:    minmay_elf_hall_curves, layout_gridlike
Vaults:1: v_misc_4, nicolae_vaults_little_squares_4,
          nicolae_vaults_diagonal_hallway_9, ontoclasm_vaults_ligature,
          vaults_dpeg_cross, nicolae_vaults_theta, vaults_room_mumra_shop_pool,
          ontoclasm_vaults_pinch, nicolae_vaults_yaktaur_gun_rack,
          nicolae_vaults_alarming, layout_vaults_omnigrid, serial_shops,
          nicolae_shop_crystal, uniq_saint_roka
Vaults:2: st_more_cells, nicolae_vaults_hallways_thing, dpeg_vaults_monster_row,
          vaults_mumra_minichess, vaults_dpeg_hooks,
          nicolae_vaults_little_squares_1, ontoclasm_vaults_fault,
          vaults_room_hallway, vaults_dpeg_doors, v_misc_8, v_pattern_4,
          vaults_dpeg_diagonal, vaults_room_corners,
          nicolae_vaults_puzzle_piece, nicolae_vaults_asterisk,
          layout_vaults_big_cross, uniq_jory
Vaults:3: hangedman_vaults_locks, not_door_vault_due,
          nicolae_vaults_circle_grid_b, minmay_crypt_entry_necro_gods,
          ontoclasm_vaults_eye, nicolae_vaults_big_ls,
          vaults_standard_mumra_enter_the_diamond, hangedman_vaults_variations,
          grunt_vaults_hallway_short, layout_vaults_ring, serial_shops,
          nicolae_shop_trees, uniq_xtahua
Vaults:4: nicolae_vaults_angled_halls, v_misc_22, hangedman_vaults_snaps,
          vaults_room_hangedman_quadrants, vaults_room_large_hall,
          vaults_room_stairs_pillars, grunt_vaults_focal,
          ontoclasm_vaults_loading_screen, layout_vaults_chaotic_city,
          serial_shops, nicolae_shop_waterfront, nicolae_shop_waterfront, shop,
          shop
Vaults:5: serial_shops, uniq_boris
Crypt:1:  layout_misc_corridors, minivault_27, minicrypt_bobbens
Crypt:2:  layout_rooms, lemuel_upstairs_altar, uniq_josephina
Crypt:3:  due_elkab, layout_chaotic_city, moated_statue
Tomb:1
Tomb:2
Tomb:3
Depths:1: layout_gridlike, abyss_entry_glasseish, grunt_hell_horde,
          cheibriados_altar_1, roderic_lattice_octagonal_star,
          grunt_megastairs_2
Depths:2: nooodl_glass_maze, layout_cave_shapes, pan_entry,
          grunt_hell_entry_dis_grunt, hangedman_abyss_or_decor_clamps,
          kennysheep_random_hallway
Depths:3: minmay_octagon_keep, layout_gridlike, minmay_hedge_maze,
          pf_hell_entry_tar_river, abyss_entry_crystal, minmay_shop_star,
          infiniplex_staircase_zigzag_1, firewood_loft
Depths:4: grunt_zot_entry_hairpin, layout_gridlike, enter_ziggurat_e,
          hell_entry, serial_rivers, chequers_serial_rivers_micro_e,
          chequers_serial_rivers_micro_a, chequers_serial_rivers_room_a,
          chequers_serial_rivers_micro_e, chequers_serial_rivers_marsh,
          special_room [special_room_morgue], abyss_entry_small_statue_room,
          minmay_misc_feat_roman, uniq_enchantress
Hell
Dis:1:    nicolae_dis_array, layout_regular_city
Dis:2:    layout_jigsaw, nicolae_hells_seeping_fissure
Dis:3:    layout_subdivisions
Dis:4:    layout_subdivisions, nicolae_dis_big_boring_drill
Dis:6:    layout_jigsaw
Dis:7:    dis_grunt_layers
Tar:1:    layout_grid_maze
Tar:2:    layout_grid_maze
Tar:3:    layout_grid_maze
Tar:4:    layout_honeycomb
Tar:5:    layout_catacombs
Tar:6:    layout_cathedral_of_symmetry, nicolae_tar_cuneiform_two
Tar:7:    tar_minmay_river
Zot:1:    layout_gridlike, uniq_vv
Zot:2:    layout_basic
Zot:3:    grunt_deathspiral_small, layout_onion
Zot:4:    layout_misc_corridors, hangedman_snake_sidewinding
Zot:5:    layout_misc_corridors
Zig:26

Skill      XL: |  1  2  3  4  5  6  7  8  9 10 11 12 13 14 15 16 17 18 19 20 21 22 23 24 25 26 27 |
---------------+----------------------------------------------------------------------------------+-----
Long Blades    | 4 5 6 8 10 11 14 15 16 17 18 20 21 22 26 | 26.1
Stealth        | 3 5 7 8 13 14 16 17 22 | 22.0
Evocations     | 1 2 5 6 9 |  9.0
Dodging        | 4 6 8 9 11 12 14 15 17 20 23 25 | 25.6
Fighting       | 4 6 7 8 10 13 14 15 17 18 26 | 26.0
Spellcasting   | 4 8 10 11 26 | 26.0
Ranged Weapons | 9 14 18 22 26 | 26.0
Translocations | 4 17 | 17.6
Necromancy     | 20 | 20.0
Transmutations | 20 | 20.0
Fire Magic     | 20 | 20.0
Ice Magic      | 24 | 24.0

Action                     |  1- 3 |  4- 6 |  7- 9 | 10-12 | 13-15 | 16-18 | 19-21 | 22-24 | 25-27 || total
---------------------------+-------+-------+-------+-------+-------+-------+-------+-------+-------++-------
  Melee: Falchion          |    76 |   130 |   293 |   706 |    35 |       |       |       |       ||  1240
         Constrict         |    15 |    22 |    67 |    60 |   127 |    83 |    54 |    66 |   110 ||   604
         Tentacles         |    12 |    25 |    72 |   243 |   295 |   260 |   112 |   119 |   226 ||  1364
         Punch             |     2 |       |     8 |    16 |    18 |    10 |     6 |     6 |     9 ||    75
         Great sword       |       |       |       |       |   877 |   553 |       |       |       ||  1430
         Scimitar          |       |       |       |       |    45 |       |       |       |       ||    45
         Triple sword      |       |       |       |       |       |   347 |   408 |   430 |  2591 ||  3776
         Triple crossbow   |       |       |       |       |       |       |       |       |    31 ||    31
         Flamberge         |       |       |       |       |       |       |       |       |    11 ||    11
   Fire: Shortbow          |       |       |     6 |       |       |       |       |       |       ||     6
         Arbalest          |       |       |       |       |       |     3 |       |       |       ||     3
         Triple crossbow   |       |       |       |       |       |    19 |   468 |   696 |  2990 ||  4173
         Longbow           |       |       |       |       |       |       |    69 |       |       ||    69
   Cast: Apportation       |       |       |       |       |       |       |       |       |    59 ||    59
         Manifold Assault  |       |       |       |       |       |       |       |       |   632 ||   632
         Necromutation     |       |       |       |       |       |       |       |       |    40 ||    40
         Ignition          |       |       |       |       |       |       |       |       |    15 ||    15
         Polar Vortex      |       |       |       |       |       |       |       |       |    14 ||    14
         Portal Projectile |       |       |       |       |       |       |       |       |    10 ||    10
         Ozocubu's Refrige |       |       |       |       |       |       |       |       |     4 ||     4
 Invoke: Call Merchant     |       |       |       |     2 |     2 |     2 |     1 |       |     6 ||    13
         Potion Petition   |       |       |       |       |       |     1 |     3 |     5 |    57 ||    66
Ability: End Transformatio |       |       |       |       |       |       |       |       |     2 ||     2
  Evoke: Wand              |       |     1 |     4 |    23 |    11 |     3 |       |     1 |     2 ||    45
         Phantom mirror    |       |       |       |       |     2 |     1 |     1 |     1 |     2 ||     7
         Box of beasts     |       |       |       |       |       |       |     1 |       |     3 ||     4
         Horn of Geryon    |       |       |       |       |       |       |       |       |     1 ||     1
         Condenser vane    |       |       |       |       |       |       |       |       |     1 ||     1
    Use: Scroll            |       |    10 |    12 |     8 |    17 |     7 |     8 |    11 |    22 ||    95
         Potion            |       |     2 |     7 |     3 |    15 |     2 |       |     1 |    34 ||    64
   Stab: Sleeping          |    18 |     9 |     3 |    14 |    29 |    33 |    13 |     4 |     8 ||   131
         Distracted        |       |     1 |       |     4 |    20 |    26 |     8 |    11 |    40 ||   110
         Invisible         |       |       |     9 |       |       |       |       |       |    10 ||    19
         Petrifying        |       |       |       |       |     1 |       |       |       |       ||     1
         Paralysed         |       |       |       |       |       |     1 |       |       |       ||     1
         Confused          |       |       |       |       |       |       |       |       |     2 ||     2
 Armour: Skin              |    15 |    38 |    65 |    54 |    69 |    38 |    23 |    32 |    50 ||   384
  Dodge: Dodged            |    50 |   112 |   318 |   487 |   895 |   851 |   845 |  1191 |  4039 ||  8788
  Block: Other             |       |       |       |    49 |   267 |   338 |   270 |   317 |   991 ||  2232
         Reflection        |       |       |       |       |     3 |       |       |       |       ||     3

Table legend: (Time is in decaauts)
 A = Elapsed time spent in this place.
 B = Non-inter-level travel time spent in this place.
 C = Inter-level travel time spent in this place.
 D = Time resting spent in this place.
 E = Time spent auto-exploring this place.
 F = Levels seen in this place.
 G = Mean time per level.
                   A        B        C        D        E       F      G
               +--------+--------+--------+--------+--------+-----+--------+
         Total | 148152 | 138319 |   9833 |  41660 |  66834 | 128 | 1157.4 |
       Dungeon |  18390 |  15852 |   2538 |   3315 |   8554 |  15 | 1226.0 |
        Temple |      1 |      1 |      0 |      0 |      0 |   1 |    1.0 |
          Lair |  13737 |  11653 |   2084 |   3534 |   5677 |   5 | 2747.4 |
        Shoals |   8156 |   7998 |    158 |   3463 |   2965 |   4 | 2039.0 |
     Snake Pit |   9977 |   9441 |    536 |   3067 |   4546 |   4 | 2494.2 |
    Slime Pits |   5130 |   5013 |    117 |   3670 |    585 |   5 | 1026.0 |
  Orcish Mines |   3009 |   2515 |    494 |    834 |   1083 |   2 | 1504.5 |
   Elven Halls |  10302 |   9850 |    452 |   2497 |   5818 |   3 | 3434.0 |
        Vaults |  11283 |  10286 |    997 |   2729 |   5592 |   5 | 2256.6 |
         Crypt |   4584 |   4189 |    395 |   1261 |   2007 |   3 | 1528.0 |
          Tomb |   5251 |   5010 |    241 |   2158 |   1878 |   3 | 1750.3 |
        Depths |  11388 |  10379 |   1009 |   5176 |   3577 |   4 | 2847.0 |
          Hell |   1504 |   1439 |     65 |    692 |    433 |   1 | 1504.0 |
           Dis |   4399 |   4271 |    128 |   1461 |   1942 |   6 |  733.2 |
      Tartarus |   5549 |   5231 |    318 |   1259 |   3148 |   7 |  792.7 |
           Zot |   6596 |   6303 |    293 |   1932 |   3396 |   5 | 1319.2 |
         Abyss |   3087 |   3087 |      0 |    125 |    718 |   8 |  385.9 |
   Pandemonium |  17311 |  17311 |      0 |   3293 |  10138 |  18 |  961.7 |
      Ziggurat |   6816 |   6816 |      0 |    409 |   4462 |  26 |  262.2 |
       Ossuary |    258 |    258 |      0 |     82 |     91 |   1 |  258.0 |
        Bailey |    533 |    533 |      0 |    243 |     36 |   1 |  533.0 |
      Gauntlet |    880 |    880 |      0 |    453 |    185 |   1 |  880.0 |
               +--------+--------+--------+--------+--------+-----+--------+

Top non-repeatable levels by time:
   Elf:3: 5995 daAuts
Depths:1: 4918 daAuts
 Snake:4: 4099 daAuts
  Tomb:1: 3727 daAuts
 Slime:5: 3704 daAuts
   Tar:7: 3699 daAuts
   Dis:7: 3205 daAuts
Depths:4: 3133 daAuts
   Elf:1: 3059 daAuts
  Lair:4: 2975 daAuts
  Lair:2: 2932 daAuts
Vaults:4: 2879 daAuts
    D:10: 2867 daAuts
  Lair:3: 2725 daAuts
Vaults:2: 2694 daAuts
